%YAML 1.1
%TAG !u! tag:unity3d.com,2011:
--- !u!1 &1002951935307166
GameObject:
  m_ObjectHideFlags: 0
  m_CorrespondingSourceObject: {fileID: 0}
  m_PrefabInstance: {fileID: 0}
  m_PrefabAsset: {fileID: 0}
  serializedVersion: 6
  m_Component:
  - component: {fileID: 4789497945814030}
  m_Layer: 10
  m_Name: Chest_in
  m_TagString: Untagged
  m_Icon: {fileID: 0}
  m_NavMeshLayer: 0
  m_StaticEditorFlags: 0
  m_IsActive: 1
--- !u!4 &4789497945814030
Transform:
  m_ObjectHideFlags: 0
  m_CorrespondingSourceObject: {fileID: 0}
  m_PrefabInstance: {fileID: 0}
  m_PrefabAsset: {fileID: 0}
  m_GameObject: {fileID: 1002951935307166}
  m_LocalRotation: {x: 0.00000008146034, y: 0, z: 0, w: 1}
  m_LocalPosition: {x: 0, y: 1.7, z: 0}
  m_LocalScale: {x: 1, y: 1, z: 1}
  m_Children: []
  m_Father: {fileID: 4495349330306264}
  m_RootOrder: 12
  m_LocalEulerAnglesHint: {x: 0.000009334668, y: 0, z: 0}
--- !u!1 &1004550915839920
GameObject:
  m_ObjectHideFlags: 0
  m_CorrespondingSourceObject: {fileID: 0}
  m_PrefabInstance: {fileID: 0}
  m_PrefabAsset: {fileID: 0}
  serializedVersion: 6
  m_Component:
  - component: {fileID: 4415451661903736}
  m_Layer: 0
  m_Name: Bip001 HeadNub
  m_TagString: Untagged
  m_Icon: {fileID: 0}
  m_NavMeshLayer: 0
  m_StaticEditorFlags: 0
  m_IsActive: 1
--- !u!4 &4415451661903736
Transform:
  m_ObjectHideFlags: 0
  m_CorrespondingSourceObject: {fileID: 0}
  m_PrefabInstance: {fileID: 0}
  m_PrefabAsset: {fileID: 0}
  m_GameObject: {fileID: 1004550915839920}
  m_LocalRotation: {x: 2.708944e-14, y: -7.105427e-15, z: 1.92482e-28, w: 1}
  m_LocalPosition: {x: -0.7432411, y: 0, z: 0}
  m_LocalScale: {x: 1, y: 1, z: 1}
  m_Children: []
  m_Father: {fileID: 4176178353119507}
  m_RootOrder: 0
  m_LocalEulerAnglesHint: {x: 3.104221e-12, y: 8.142219e-13, z: 1.293138e-34}
--- !u!1 &1012633894221127
GameObject:
  m_ObjectHideFlags: 0
  m_CorrespondingSourceObject: {fileID: 0}
  m_PrefabInstance: {fileID: 0}
  m_PrefabAsset: {fileID: 0}
  serializedVersion: 6
  m_Component:
  - component: {fileID: 4960803450553379}
  m_Layer: 0
  m_Name: Bone_cm
  m_TagString: Untagged
  m_Icon: {fileID: 0}
  m_NavMeshLayer: 0
  m_StaticEditorFlags: 0
  m_IsActive: 1
--- !u!4 &4960803450553379
Transform:
  m_ObjectHideFlags: 0
  m_CorrespondingSourceObject: {fileID: 0}
  m_PrefabInstance: {fileID: 0}
  m_PrefabAsset: {fileID: 0}
  m_GameObject: {fileID: 1012633894221127}
  m_LocalRotation: {x: 0.0000002353924, y: -0.0000002353924, z: -0.7071066, w: 0.7071069}
  m_LocalPosition: {x: -1.664865, y: 1.885319, z: -0.0000007003546}
  m_LocalScale: {x: 0.9999998, y: 0.9999999, z: 1}
  m_Children:
  - {fileID: 4105243422270758}
  m_Father: {fileID: 4495349330306264}
  m_RootOrder: 2
  m_LocalEulerAnglesHint: {x: 0.00003814697, y: 1.12997e-12, z: 89.99998}
--- !u!1 &1020238729842828
GameObject:
  m_ObjectHideFlags: 0
  m_CorrespondingSourceObject: {fileID: 0}
  m_PrefabInstance: {fileID: 0}
  m_PrefabAsset: {fileID: 0}
  serializedVersion: 6
  m_Component:
  - component: {fileID: 4022166438101252}
  m_Layer: 0
  m_Name: Bip001
  m_TagString: Untagged
  m_Icon: {fileID: 0}
  m_NavMeshLayer: 0
  m_StaticEditorFlags: 0
  m_IsActive: 1
--- !u!4 &4022166438101252
Transform:
  m_ObjectHideFlags: 0
  m_CorrespondingSourceObject: {fileID: 0}
  m_PrefabInstance: {fileID: 0}
  m_PrefabAsset: {fileID: 0}
  m_GameObject: {fileID: 1020238729842828}
  m_LocalRotation: {x: -0.5000005, y: 0.4999996, z: 0.4999996, w: 0.5000005}
  m_LocalPosition: {x: 0, y: 1.089863, z: -0.06449881}
  m_LocalScale: {x: 0.9999999, y: 0.9999999, z: 1}
  m_Children:
  - {fileID: 4405882613464584}
  m_Father: {fileID: 4495349330306264}
  m_RootOrder: 0
  m_LocalEulerAnglesHint: {x: -90, y: -89.9999, z: 0}
--- !u!1 &1022879771845004
GameObject:
  m_ObjectHideFlags: 0
  m_CorrespondingSourceObject: {fileID: 0}
  m_PrefabInstance: {fileID: 0}
  m_PrefabAsset: {fileID: 0}
  serializedVersion: 6
  m_Component:
  - component: {fileID: 4241896076147254}
  m_Layer: 0
  m_Name: Bip001 L Thigh
  m_TagString: Untagged
  m_Icon: {fileID: 0}
  m_NavMeshLayer: 0
  m_StaticEditorFlags: 0
  m_IsActive: 1
--- !u!4 &4241896076147254
Transform:
  m_ObjectHideFlags: 0
  m_CorrespondingSourceObject: {fileID: 0}
  m_PrefabInstance: {fileID: 0}
  m_PrefabAsset: {fileID: 0}
  m_GameObject: {fileID: 1022879771845004}
  m_LocalRotation: {x: -0.04956777, y: 0.9827474, z: 0.1779557, w: 0.009078272}
  m_LocalPosition: {x: 0.2791895, y: 0.0008313954, z: 0.3393081}
  m_LocalScale: {x: 1, y: 1, z: 1}
  m_Children:
  - {fileID: 4690640333372778}
  m_Father: {fileID: 4847304346015907}
  m_RootOrder: 0
  m_LocalEulerAnglesHint: {x: 159.5683, y: -2.033569, z: 174.5916}
--- !u!1 &1028561581955597
GameObject:
  m_ObjectHideFlags: 0
  m_CorrespondingSourceObject: {fileID: 0}
  m_PrefabInstance: {fileID: 0}
  m_PrefabAsset: {fileID: 0}
  serializedVersion: 6
  m_Component:
  - component: {fileID: 4345150933265083}
  m_Layer: 0
  m_Name: Bip001 L UpperArm
  m_TagString: Untagged
  m_Icon: {fileID: 0}
  m_NavMeshLayer: 0
  m_StaticEditorFlags: 0
  m_IsActive: 1
--- !u!4 &4345150933265083
Transform:
  m_ObjectHideFlags: 0
  m_CorrespondingSourceObject: {fileID: 0}
  m_PrefabInstance: {fileID: 0}
  m_PrefabAsset: {fileID: 0}
  m_GameObject: {fileID: 1028561581955597}
  m_LocalRotation: {x: 0.05509422, y: -0.7222838, z: -0.03370212, w: 0.6885745}
  m_LocalPosition: {x: -0.3905261, y: 0, z: 0}
  m_LocalScale: {x: 1, y: 0.9999999, z: 1}
  m_Children:
  - {fileID: 4476629972730388}
  m_Father: {fileID: 4632574342888166}
  m_RootOrder: 0
  m_LocalEulerAnglesHint: {x: 111.6567, y: 82.29816, z: 109.9193}
--- !u!1 &1034692366354537
GameObject:
  m_ObjectHideFlags: 0
  m_CorrespondingSourceObject: {fileID: 0}
  m_PrefabInstance: {fileID: 0}
  m_PrefabAsset: {fileID: 0}
  serializedVersion: 6
  m_Component:
  - component: {fileID: 4782903230280933}
  m_Layer: 0
  m_Name: Bip001 R Calf
  m_TagString: Untagged
  m_Icon: {fileID: 0}
  m_NavMeshLayer: 0
  m_StaticEditorFlags: 0
  m_IsActive: 1
--- !u!4 &4782903230280933
Transform:
  m_ObjectHideFlags: 0
  m_CorrespondingSourceObject: {fileID: 0}
  m_PrefabInstance: {fileID: 0}
  m_PrefabAsset: {fileID: 0}
  m_GameObject: {fileID: 1034692366354537}
  m_LocalRotation: {x: -0.00000001166115, y: -0.000000001316266, z: 0.09983332, w: 0.9950042}
  m_LocalPosition: {x: -0.4467447, y: 0, z: 0.00000002980232}
  m_LocalScale: {x: 1, y: 1, z: 1}
  m_Children:
  - {fileID: 4375584266899814}
  m_Father: {fileID: 4765793614047287}
  m_RootOrder: 0
  m_LocalEulerAnglesHint: {x: -0.000001344652, y: 0.00000001667526, z: -11.45914}
--- !u!1 &1043617759787237
GameObject:
  m_ObjectHideFlags: 0
  m_CorrespondingSourceObject: {fileID: 0}
  m_PrefabInstance: {fileID: 0}
  m_PrefabAsset: {fileID: 0}
  serializedVersion: 6
  m_Component:
  - component: {fileID: 4116289839552350}
  m_Layer: 0
  m_Name: Ground
  m_TagString: Untagged
  m_Icon: {fileID: 0}
  m_NavMeshLayer: 0
  m_StaticEditorFlags: 0
  m_IsActive: 1
--- !u!4 &4116289839552350
Transform:
  m_ObjectHideFlags: 0
  m_CorrespondingSourceObject: {fileID: 0}
  m_PrefabInstance: {fileID: 0}
  m_PrefabAsset: {fileID: 0}
  m_GameObject: {fileID: 1043617759787237}
  m_LocalRotation: {x: 0.00000008146034, y: 0, z: 0, w: 1}
  m_LocalPosition: {x: 0, y: 0, z: 0}
  m_LocalScale: {x: 1, y: 1, z: 1}
  m_Children: []
  m_Father: {fileID: 4495349330306264}
  m_RootOrder: 6
  m_LocalEulerAnglesHint: {x: 0.000009334668, y: 0, z: 0}
--- !u!1 &1051245784768972
GameObject:
  m_ObjectHideFlags: 0
  m_CorrespondingSourceObject: {fileID: 0}
  m_PrefabInstance: {fileID: 0}
  m_PrefabAsset: {fileID: 0}
  serializedVersion: 6
  m_Component:
  - component: {fileID: 4343413629969592}
  m_Layer: 0
  m_Name: Bip001 R Finger0Nub
  m_TagString: Untagged
  m_Icon: {fileID: 0}
  m_NavMeshLayer: 0
  m_StaticEditorFlags: 0
  m_IsActive: 1
--- !u!4 &4343413629969592
Transform:
  m_ObjectHideFlags: 0
  m_CorrespondingSourceObject: {fileID: 0}
  m_PrefabInstance: {fileID: 0}
  m_PrefabAsset: {fileID: 0}
  m_GameObject: {fileID: 1051245784768972}
  m_LocalRotation: {x: -1.140541e-24, y: -0.00000001862645, z: 1, w: 6.123234e-17}
  m_LocalPosition: {x: -0.09548819, y: 0.00000002980232, z: 0}
  m_LocalScale: {x: -1, y: -1, z: -1}
  m_Children: []
  m_Father: {fileID: 4665768798839332}
  m_RootOrder: 0
  m_LocalEulerAnglesHint: {x: -0.000002134434, y: 6.81438e-30, z: -180}
--- !u!1 &1063699491130770
GameObject:
  m_ObjectHideFlags: 0
  m_CorrespondingSourceObject: {fileID: 0}
  m_PrefabInstance: {fileID: 0}
  m_PrefabAsset: {fileID: 0}
  serializedVersion: 6
  m_Component:
  - component: {fileID: 4906651292829435}
  m_Layer: 0
  m_Name: Bip001 L Finger1
  m_TagString: Untagged
  m_Icon: {fileID: 0}
  m_NavMeshLayer: 0
  m_StaticEditorFlags: 0
  m_IsActive: 1
--- !u!4 &4906651292829435
Transform:
  m_ObjectHideFlags: 0
  m_CorrespondingSourceObject: {fileID: 0}
  m_PrefabInstance: {fileID: 0}
  m_PrefabAsset: {fileID: 0}
  m_GameObject: {fileID: 1063699491130770}
  m_LocalRotation: {x: -0.07090513, y: 0.04020814, z: -0.2625538, w: 0.9614683}
  m_LocalPosition: {x: -0.2474023, y: -0.01808566, z: -0.01295306}
  m_LocalScale: {x: 0.9999999, y: 0.9999999, z: 1}
  m_Children:
  - {fileID: 4354359958086493}
  m_Father: {fileID: 4946533919101601}
  m_RootOrder: 1
  m_LocalEulerAnglesHint: {x: -9.066826, y: -2.29731, z: 30.7296}
--- !u!1 &1063894835959683
GameObject:
  m_ObjectHideFlags: 0
  m_CorrespondingSourceObject: {fileID: 0}
  m_PrefabInstance: {fileID: 0}
  m_PrefabAsset: {fileID: 0}
  serializedVersion: 6
  m_Component:
  - component: {fileID: 4787506879967328}
  m_Layer: 0
  m_Name: Bip001 R Hand
  m_TagString: Untagged
  m_Icon: {fileID: 0}
  m_NavMeshLayer: 0
  m_StaticEditorFlags: 0
  m_IsActive: 1
--- !u!4 &4787506879967328
Transform:
  m_ObjectHideFlags: 0
  m_CorrespondingSourceObject: {fileID: 0}
  m_PrefabInstance: {fileID: 0}
  m_PrefabAsset: {fileID: 0}
  m_GameObject: {fileID: 1063894835959683}
  m_LocalRotation: {x: 0.776259, y: 0.09491272, z: -0.1682529, w: 0.6000871}
  m_LocalPosition: {x: -0.4061381, y: 0.000000007450581, z: 0}
  m_LocalScale: {x: 0.9999999, y: 1, z: 0.9999999}
  m_Children:
  - {fileID: 4085186241652648}
  - {fileID: 4053966605578866}
  - {fileID: 4579426726129860}
  m_Father: {fileID: 4062585442204547}
  m_RootOrder: 0
  m_LocalEulerAnglesHint: {x: 103.9311, y: -22.03219, z: 3.375462}
--- !u!1 &1084208004863569
GameObject:
  m_ObjectHideFlags: 0
  m_CorrespondingSourceObject: {fileID: 0}
  m_PrefabInstance: {fileID: 0}
  m_PrefabAsset: {fileID: 0}
  serializedVersion: 6
  m_Component:
  - component: {fileID: 4144667308279694}
  m_Layer: 10
  m_Name: Face
  m_TagString: Untagged
  m_Icon: {fileID: 0}
  m_NavMeshLayer: 0
  m_StaticEditorFlags: 0
  m_IsActive: 1
--- !u!4 &4144667308279694
Transform:
  m_ObjectHideFlags: 0
  m_CorrespondingSourceObject: {fileID: 0}
  m_PrefabInstance: {fileID: 0}
  m_PrefabAsset: {fileID: 0}
  m_GameObject: {fileID: 1084208004863569}
  m_LocalRotation: {x: 0, y: 0, z: 0, w: 1}
  m_LocalPosition: {x: 0, y: 0, z: 2}
  m_LocalScale: {x: 1, y: 1, z: 1}
  m_Children: []
  m_Father: {fileID: 4495349330306264}
  m_RootOrder: 10
  m_LocalEulerAnglesHint: {x: 0, y: 0, z: 0}
--- !u!1 &1103396132008948
GameObject:
  m_ObjectHideFlags: 0
  m_CorrespondingSourceObject: {fileID: 0}
  m_PrefabInstance: {fileID: 0}
  m_PrefabAsset: {fileID: 0}
  serializedVersion: 6
  m_Component:
  - component: {fileID: 4748796413894594}
  m_Layer: 0
  m_Name: Bone004
  m_TagString: Untagged
  m_Icon: {fileID: 0}
  m_NavMeshLayer: 0
  m_StaticEditorFlags: 0
  m_IsActive: 1
--- !u!4 &4748796413894594
Transform:
  m_ObjectHideFlags: 0
  m_CorrespondingSourceObject: {fileID: 0}
  m_PrefabInstance: {fileID: 0}
  m_PrefabAsset: {fileID: 0}
  m_GameObject: {fileID: 1103396132008948}
  m_LocalRotation: {x: 0.7069345, y: -0.01560554, z: 0.01560655, w: 0.7069346}
  m_LocalPosition: {x: -0.2312822, y: 0.01048465, z: 0.04713559}
  m_LocalScale: {x: 1, y: 1, z: 1}
  m_Children: []
  m_Father: {fileID: 4632574342888166}
  m_RootOrder: 1
  m_LocalEulerAnglesHint: {x: 89.99998, y: 2.529274, z: -0.00008195594}
--- !u!1 &1168761189548582
GameObject:
  m_ObjectHideFlags: 0
  m_CorrespondingSourceObject: {fileID: 0}
  m_PrefabInstance: {fileID: 0}
  m_PrefabAsset: {fileID: 0}
  serializedVersion: 6
  m_Component:
  - component: {fileID: 4477532656607053}
  m_Layer: 0
  m_Name: Bip001 R Clavicle
  m_TagString: Untagged
  m_Icon: {fileID: 0}
  m_NavMeshLayer: 0
  m_StaticEditorFlags: 0
  m_IsActive: 1
--- !u!4 &4477532656607053
Transform:
  m_ObjectHideFlags: 0
  m_CorrespondingSourceObject: {fileID: 0}
  m_PrefabInstance: {fileID: 0}
  m_PrefabAsset: {fileID: 0}
  m_GameObject: {fileID: 1168761189548582}
  m_LocalRotation: {x: 0.7996874, y: 0.0003175264, z: 0.6004164, w: -0.0002401221}
  m_LocalPosition: {x: 0.2848226, y: 0.03700286, z: -0.3549491}
  m_LocalScale: {x: 1, y: 1, z: 1}
  m_Children:
  - {fileID: 4874013482108769}
  - {fileID: 4525708565602590}
  m_Father: {fileID: 4311053883671464}
  m_RootOrder: 2
  m_LocalEulerAnglesHint: {x: -179.9994, y: 73.79945, z: -0.04507619}
--- !u!1 &1172905329031157
GameObject:
  m_ObjectHideFlags: 0
  m_CorrespondingSourceObject: {fileID: 0}
  m_PrefabInstance: {fileID: 0}
  m_PrefabAsset: {fileID: 0}
  serializedVersion: 6
  m_Component:
  - component: {fileID: 4847304346015907}
  m_Layer: 0
  m_Name: Bip001 Spine
  m_TagString: Untagged
  m_Icon: {fileID: 0}
  m_NavMeshLayer: 0
  m_StaticEditorFlags: 0
  m_IsActive: 1
--- !u!4 &4847304346015907
Transform:
  m_ObjectHideFlags: 0
  m_CorrespondingSourceObject: {fileID: 0}
  m_PrefabInstance: {fileID: 0}
  m_PrefabAsset: {fileID: 0}
  m_GameObject: {fileID: 1172905329031157}
  m_LocalRotation: {x: -0.000002080476, y: 0.0000006936759, z: -0.000398159, w: 0.9999999}
  m_LocalPosition: {x: -0.2791899, y: -0.0006099716, z: 0.0000003880264}
  m_LocalScale: {x: 1, y: 0.9999999, z: 0.9999999}
  m_Children:
  - {fileID: 4241896076147254}
  - {fileID: 4311053883671464}
  - {fileID: 4765793614047287}
  m_Father: {fileID: 4405882613464584}
  m_RootOrder: 0
  m_LocalEulerAnglesHint: {x: -0.0002384366, y: -0.00007939448, z: 0.04562566}
--- !u!1 &1196209543395000
GameObject:
  m_ObjectHideFlags: 0
  m_CorrespondingSourceObject: {fileID: 0}
  m_PrefabInstance: {fileID: 0}
  m_PrefabAsset: {fileID: 0}
  serializedVersion: 6
  m_Component:
  - component: {fileID: 4883693331667388}
  m_Layer: 10
  m_Name: Weak2
  m_TagString: Untagged
  m_Icon: {fileID: 0}
  m_NavMeshLayer: 0
  m_StaticEditorFlags: 0
  m_IsActive: 1
--- !u!4 &4883693331667388
Transform:
  m_ObjectHideFlags: 0
  m_CorrespondingSourceObject: {fileID: 0}
  m_PrefabInstance: {fileID: 0}
  m_PrefabAsset: {fileID: 0}
  m_GameObject: {fileID: 1196209543395000}
  m_LocalRotation: {x: 0.00000008146034, y: 0, z: 0, w: 1}
  m_LocalPosition: {x: 0, y: 0, z: 0.42}
  m_LocalScale: {x: 1, y: 1, z: 1}
  m_Children: []
  m_Father: {fileID: 4495349330306264}
  m_RootOrder: 14
  m_LocalEulerAnglesHint: {x: 0.000009334668, y: 0, z: 0}
--- !u!1 &1202215895507527
GameObject:
  m_ObjectHideFlags: 0
  m_CorrespondingSourceObject: {fileID: 0}
  m_PrefabInstance: {fileID: 0}
  m_PrefabAsset: {fileID: 0}
  serializedVersion: 6
  m_Component:
  - component: {fileID: 4320925176795728}
  m_Layer: 0
  m_Name: Bip001 L Finger01
  m_TagString: Untagged
  m_Icon: {fileID: 0}
  m_NavMeshLayer: 0
  m_StaticEditorFlags: 0
  m_IsActive: 1
--- !u!4 &4320925176795728
Transform:
  m_ObjectHideFlags: 0
  m_CorrespondingSourceObject: {fileID: 0}
  m_PrefabInstance: {fileID: 0}
  m_PrefabAsset: {fileID: 0}
  m_GameObject: {fileID: 1202215895507527}
  m_LocalRotation: {x: 0.00000002041052, y: 0.00000001234503, z: -0.1304002, w: 0.9914615}
  m_LocalPosition: {x: -0.08855915, y: 0, z: 0}
  m_LocalScale: {x: 0.9999999, y: 0.9999999, z: 1}
  m_Children:
  - {fileID: 4856338272295379}
  m_Father: {fileID: 4225619913662862}
  m_RootOrder: 0
  m_LocalEulerAnglesHint: {x: 0.000002134434, y: -0.000001707548, z: 14.98544}
--- !u!1 &1208353805798498
GameObject:
  m_ObjectHideFlags: 0
  m_CorrespondingSourceObject: {fileID: 0}
  m_PrefabInstance: {fileID: 0}
  m_PrefabAsset: {fileID: 0}
  serializedVersion: 6
  m_Component:
  - component: {fileID: 4856338272295379}
  m_Layer: 0
  m_Name: Bip001 L Finger0Nub
  m_TagString: Untagged
  m_Icon: {fileID: 0}
  m_NavMeshLayer: 0
  m_StaticEditorFlags: 0
  m_IsActive: 1
--- !u!4 &4856338272295379
Transform:
  m_ObjectHideFlags: 0
  m_CorrespondingSourceObject: {fileID: 0}
  m_PrefabInstance: {fileID: 0}
  m_PrefabAsset: {fileID: 0}
  m_GameObject: {fileID: 1208353805798498}
  m_LocalRotation: {x: -0.00000002607703, y: 0, z: 0, w: 1}
  m_LocalPosition: {x: -0.09548831, y: 0, z: -0.00000002980232}
  m_LocalScale: {x: 0.9999999, y: 0.9999999, z: 0.9999999}
  m_Children: []
  m_Father: {fileID: 4320925176795728}
  m_RootOrder: 0
  m_LocalEulerAnglesHint: {x: -0.000002988208, y: 0, z: 0}
--- !u!1 &1210489908893531
GameObject:
  m_ObjectHideFlags: 0
  m_CorrespondingSourceObject: {fileID: 0}
  m_PrefabInstance: {fileID: 0}
  m_PrefabAsset: {fileID: 0}
  serializedVersion: 6
  m_Component:
  - component: {fileID: 4212187917975168}
  m_Layer: 0
  m_Name: LeftWeapon
  m_TagString: Untagged
  m_Icon: {fileID: 0}
  m_NavMeshLayer: 0
  m_StaticEditorFlags: 0
  m_IsActive: 1
--- !u!4 &4212187917975168
Transform:
  m_ObjectHideFlags: 0
  m_CorrespondingSourceObject: {fileID: 0}
  m_PrefabInstance: {fileID: 0}
  m_PrefabAsset: {fileID: 0}
  m_GameObject: {fileID: 1210489908893531}
  m_LocalRotation: {x: -0.0000001813484, y: -0.00000007636847, z: -1.38493e-14, w: 1}
  m_LocalPosition: {x: -0.09531708, y: 0.008297257, z: -0.005442468}
  m_LocalScale: {x: 1, y: 1, z: 1}
  m_Children: []
  m_Father: {fileID: 4946533919101601}
  m_RootOrder: 3
  m_LocalEulerAnglesHint: {x: -0.000020781, y: 0.000008751182, z: 9.900195e-20}
--- !u!1 &1229478593613212
GameObject:
  m_ObjectHideFlags: 0
  m_CorrespondingSourceObject: {fileID: 0}
  m_PrefabInstance: {fileID: 0}
  m_PrefabAsset: {fileID: 0}
  serializedVersion: 6
  m_Component:
  - component: {fileID: 4584126950494139}
  m_Layer: 0
  m_Name: RightFoot
  m_TagString: Untagged
  m_Icon: {fileID: 0}
  m_NavMeshLayer: 0
  m_StaticEditorFlags: 0
  m_IsActive: 1
--- !u!4 &4584126950494139
Transform:
  m_ObjectHideFlags: 0
  m_CorrespondingSourceObject: {fileID: 0}
  m_PrefabInstance: {fileID: 0}
  m_PrefabAsset: {fileID: 0}
  m_GameObject: {fileID: 1229478593613212}
  m_LocalRotation: {x: 0, y: -0.00000001773241, z: 0, w: 1}
  m_LocalPosition: {x: -0.07790014, y: 0.1305729, z: 0.002601594}
  m_LocalScale: {x: 1, y: 1, z: 0.9999999}
  m_Children: []
  m_Father: {fileID: 4375584266899814}
  m_RootOrder: 1
  m_LocalEulerAnglesHint: {x: 0, y: 0.000002031984, z: 0}
--- !u!1 &1248328101358895
GameObject:
  m_ObjectHideFlags: 0
  m_CorrespondingSourceObject: {fileID: 0}
  m_PrefabInstance: {fileID: 0}
  m_PrefabAsset: {fileID: 0}
  serializedVersion: 6
  m_Component:
  - component: {fileID: 4592179223252901}
  m_Layer: 0
  m_Name: Bip001 L Finger2Nub
  m_TagString: Untagged
  m_Icon: {fileID: 0}
  m_NavMeshLayer: 0
  m_StaticEditorFlags: 0
  m_IsActive: 1
--- !u!4 &4592179223252901
Transform:
  m_ObjectHideFlags: 0
  m_CorrespondingSourceObject: {fileID: 0}
  m_PrefabInstance: {fileID: 0}
  m_PrefabAsset: {fileID: 0}
  m_GameObject: {fileID: 1248328101358895}
  m_LocalRotation: {x: 0.000000007450581, y: -0.000000001396984, z: 1.040834e-17,
    w: 1}
  m_LocalPosition: {x: -0.07982004, y: 0, z: -0.00000004470348}
  m_LocalScale: {x: 0.9999999, y: 0.9999999, z: 1}
  m_Children: []
  m_Father: {fileID: 4388993452789886}
  m_RootOrder: 0
  m_LocalEulerAnglesHint: {x: 0.0000008537738, y: 0.0000001600826, z: 4.739396e-23}
--- !u!1 &1267060863291042
GameObject:
  m_ObjectHideFlags: 0
  m_CorrespondingSourceObject: {fileID: 0}
  m_PrefabInstance: {fileID: 0}
  m_PrefabAsset: {fileID: 0}
  serializedVersion: 6
  m_Component:
  - component: {fileID: 4765793614047287}
  m_Layer: 0
  m_Name: Bip001 R Thigh
  m_TagString: Untagged
  m_Icon: {fileID: 0}
  m_NavMeshLayer: 0
  m_StaticEditorFlags: 0
  m_IsActive: 1
--- !u!4 &4765793614047287
Transform:
  m_ObjectHideFlags: 0
  m_CorrespondingSourceObject: {fileID: 0}
  m_PrefabInstance: {fileID: 0}
  m_PrefabAsset: {fileID: 0}
  m_GameObject: {fileID: 1267060863291042}
  m_LocalRotation: {x: -0.04956827, y: 0.9827479, z: -0.1779529, w: -0.009078315}
  m_LocalPosition: {x: 0.2791895, y: 0.0008332729, z: -0.3393081}
  m_LocalScale: {x: 1, y: 1, z: 1}
  m_Children:
  - {fileID: 4782903230280933}
  m_Father: {fileID: 4847304346015907}
  m_RootOrder: 2
  m_LocalEulerAnglesHint: {x: -159.5686, y: 2.033569, z: 174.5916}
--- !u!1 &1270427935649395
GameObject:
  m_ObjectHideFlags: 0
  m_CorrespondingSourceObject: {fileID: 0}
  m_PrefabInstance: {fileID: 0}
  m_PrefabAsset: {fileID: 0}
  serializedVersion: 6
  m_Component:
  - component: {fileID: 4690519048195643}
  m_Layer: 0
  m_Name: Bip001 R Finger2Nub
  m_TagString: Untagged
  m_Icon: {fileID: 0}
  m_NavMeshLayer: 0
  m_StaticEditorFlags: 0
  m_IsActive: 1
--- !u!4 &4690519048195643
Transform:
  m_ObjectHideFlags: 0
  m_CorrespondingSourceObject: {fileID: 0}
  m_PrefabInstance: {fileID: 0}
  m_PrefabAsset: {fileID: 0}
  m_GameObject: {fileID: 1270427935649395}
  m_LocalRotation: {x: -0.00000001210719, y: 0.000000007450581, z: 1, w: 1.51438e-16}
  m_LocalPosition: {x: -0.07981998, y: 0.00000005960464, z: 0.00000001490116}
  m_LocalScale: {x: -0.9999999, y: -0.9999999, z: -0.9999999}
  m_Children: []
  m_Father: {fileID: 4444606232201043}
  m_RootOrder: 0
  m_LocalEulerAnglesHint: {x: 0.0000008537738, y: -0.000001387382, z: -180}
--- !u!1 &1271045150198812
GameObject:
  m_ObjectHideFlags: 0
  m_CorrespondingSourceObject: {fileID: 0}
  m_PrefabInstance: {fileID: 0}
  m_PrefabAsset: {fileID: 0}
  serializedVersion: 6
  m_Component:
  - component: {fileID: 4311053883671464}
  m_Layer: 0
  m_Name: Bip001 Neck
  m_TagString: Untagged
  m_Icon: {fileID: 0}
  m_NavMeshLayer: 0
  m_StaticEditorFlags: 0
  m_IsActive: 1
--- !u!4 &4311053883671464
Transform:
  m_ObjectHideFlags: 0
  m_CorrespondingSourceObject: {fileID: 0}
  m_PrefabInstance: {fileID: 0}
  m_PrefabAsset: {fileID: 0}
  m_GameObject: {fileID: 1271045150198812}
  m_LocalRotation: {x: -3.012488e-14, y: 0, z: 0, w: 1}
  m_LocalPosition: {x: -0.7661097, y: -0.1172363, z: -2.197922e-10}
  m_LocalScale: {x: 1, y: 1, z: 1}
  m_Children:
  - {fileID: 4176178353119507}
  - {fileID: 4632574342888166}
  - {fileID: 4477532656607053}
  m_Father: {fileID: 4847304346015907}
  m_RootOrder: 1
  m_LocalEulerAnglesHint: {x: -3.452057e-12, y: 0, z: 0}
--- !u!1 &1302672249864328
GameObject:
  m_ObjectHideFlags: 0
  m_CorrespondingSourceObject: {fileID: 0}
  m_PrefabInstance: {fileID: 0}
  m_PrefabAsset: {fileID: 0}
  serializedVersion: 6
  m_Component:
  - component: {fileID: 4368852744210615}
  m_Layer: 0
  m_Name: Bip001 R Toe0
  m_TagString: Untagged
  m_Icon: {fileID: 0}
  m_NavMeshLayer: 0
  m_StaticEditorFlags: 0
  m_IsActive: 1
--- !u!4 &4368852744210615
Transform:
  m_ObjectHideFlags: 0
  m_CorrespondingSourceObject: {fileID: 0}
  m_PrefabInstance: {fileID: 0}
  m_PrefabAsset: {fileID: 0}
  m_GameObject: {fileID: 1302672249864328}
  m_LocalRotation: {x: 0.00000001545431, y: -0.00000001545431, z: -0.7071068, w: 0.7071068}
  m_LocalPosition: {x: -0.1885187, y: 0.3712645, z: 0.00000005960464}
  m_LocalScale: {x: 1, y: 1, z: 1}
  m_Children:
  - {fileID: 4148724726445537}
  m_Father: {fileID: 4375584266899814}
  m_RootOrder: 0
  m_LocalEulerAnglesHint: {x: 0.000002504478, y: -1.895758e-22, z: 90}
--- !u!1 &1306283823867236
GameObject:
  m_ObjectHideFlags: 0
  m_CorrespondingSourceObject: {fileID: 0}
  m_PrefabInstance: {fileID: 0}
  m_PrefabAsset: {fileID: 0}
  serializedVersion: 6
  m_Component:
  - component: {fileID: 4924398053849140}
  m_Layer: 10
  m_Name: Weak1
  m_TagString: Untagged
  m_Icon: {fileID: 0}
  m_NavMeshLayer: 0
  m_StaticEditorFlags: 0
  m_IsActive: 1
--- !u!4 &4924398053849140
Transform:
  m_ObjectHideFlags: 0
  m_CorrespondingSourceObject: {fileID: 0}
  m_PrefabInstance: {fileID: 0}
  m_PrefabAsset: {fileID: 0}
  m_GameObject: {fileID: 1306283823867236}
  m_LocalRotation: {x: 0, y: -0.3826834, z: 0, w: 0.9238796}
  m_LocalPosition: {x: -0.3, y: 0, z: 0.3}
  m_LocalScale: {x: 1, y: 1, z: 1}
  m_Children: []
  m_Father: {fileID: 4495349330306264}
  m_RootOrder: 13
  m_LocalEulerAnglesHint: {x: 0, y: 45, z: 0}
--- !u!1 &1355536303783427
GameObject:
  m_ObjectHideFlags: 0
  m_CorrespondingSourceObject: {fileID: 0}
  m_PrefabInstance: {fileID: 0}
  m_PrefabAsset: {fileID: 0}
  serializedVersion: 6
  m_Component:
  - component: {fileID: 4176178353119507}
  m_Layer: 0
  m_Name: Bip001 Head
  m_TagString: Untagged
  m_Icon: {fileID: 0}
  m_NavMeshLayer: 0
  m_StaticEditorFlags: 0
  m_IsActive: 1
--- !u!4 &4176178353119507
Transform:
  m_ObjectHideFlags: 0
  m_CorrespondingSourceObject: {fileID: 0}
  m_PrefabInstance: {fileID: 0}
  m_PrefabAsset: {fileID: 0}
  m_GameObject: {fileID: 1355536303783427}
  m_LocalRotation: {x: 7.698162e-15, y: 0.0000000891582, z: -0.0321446, w: 0.9994833}
  m_LocalPosition: {x: -0.0995183, y: 0.00000001490116, z: 1.421085e-14}
  m_LocalScale: {x: 1, y: 1, z: 1}
  m_Children:
  - {fileID: 4415451661903736}
  - {fileID: 4504638585760830}
  m_Father: {fileID: 4311053883671464}
  m_RootOrder: 0
  m_LocalEulerAnglesHint: {x: -0.0000003284133, y: -0.0000102115, z: 3.684134}
--- !u!1 &1358963852847353
GameObject:
  m_ObjectHideFlags: 0
  m_CorrespondingSourceObject: {fileID: 0}
  m_PrefabInstance: {fileID: 0}
  m_PrefabAsset: {fileID: 0}
  serializedVersion: 6
  m_Component:
  - component: {fileID: 4088591223253633}
  m_Layer: 0
  m_Name: Bone_sq
  m_TagString: Untagged
  m_Icon: {fileID: 0}
  m_NavMeshLayer: 0
  m_StaticEditorFlags: 0
  m_IsActive: 1
--- !u!4 &4088591223253633
Transform:
  m_ObjectHideFlags: 0
  m_CorrespondingSourceObject: {fileID: 0}
  m_PrefabInstance: {fileID: 0}
  m_PrefabAsset: {fileID: 0}
  m_GameObject: {fileID: 1358963852847353}
  m_LocalRotation: {x: 0.00000110273, y: -0.000001189713, z: -0.70631, w: 0.7079026}
  m_LocalPosition: {x: -1.903348, y: 0.05860674, z: -0.0000007301569}
  m_LocalScale: {x: 0.9999998, y: 1, z: 1}
  m_Children:
  - {fileID: 4771734246014104}
  m_Father: {fileID: 4495349330306264}
  m_RootOrder: 4
  m_LocalEulerAnglesHint: {x: 0.000185745, y: 0.000007257261, z: 89.87096}
--- !u!1 &1371843210494860
GameObject:
  m_ObjectHideFlags: 0
  m_CorrespondingSourceObject: {fileID: 0}
  m_PrefabInstance: {fileID: 0}
  m_PrefabAsset: {fileID: 0}
  serializedVersion: 6
  m_Component:
  - component: {fileID: 4584912783965372}
  m_Layer: 0
  m_Name: Chest
  m_TagString: Untagged
  m_Icon: {fileID: 0}
  m_NavMeshLayer: 0
  m_StaticEditorFlags: 0
  m_IsActive: 1
--- !u!4 &4584912783965372
Transform:
  m_ObjectHideFlags: 0
  m_CorrespondingSourceObject: {fileID: 0}
  m_PrefabInstance: {fileID: 0}
  m_PrefabAsset: {fileID: 0}
  m_GameObject: {fileID: 1371843210494860}
  m_LocalRotation: {x: 0.00000008146034, y: 0, z: 0, w: 1}
  m_LocalPosition: {x: 0, y: 1.729403, z: 0.5645767}
  m_LocalScale: {x: 1, y: 1, z: 1}
  m_Children: []
  m_Father: {fileID: 4495349330306264}
  m_RootOrder: 5
  m_LocalEulerAnglesHint: {x: 0.000009334668, y: 0, z: 0}
--- !u!1 &1388952996826737
GameObject:
  m_ObjectHideFlags: 0
  m_CorrespondingSourceObject: {fileID: 0}
  m_PrefabInstance: {fileID: 0}
  m_PrefabAsset: {fileID: 0}
  serializedVersion: 6
  m_Component:
  - component: {fileID: 4375584266899814}
  m_Layer: 0
  m_Name: Bip001 R Foot
  m_TagString: Untagged
  m_Icon: {fileID: 0}
  m_NavMeshLayer: 0
  m_StaticEditorFlags: 0
  m_IsActive: 1
--- !u!4 &4375584266899814
Transform:
  m_ObjectHideFlags: 0
  m_CorrespondingSourceObject: {fileID: 0}
  m_PrefabInstance: {fileID: 0}
  m_PrefabAsset: {fileID: 0}
  m_GameObject: {fileID: 1388952996826737}
  m_LocalRotation: {x: -0.03334828, y: 0.001426792, z: -0.04991815, w: 0.9981954}
  m_LocalPosition: {x: -0.4591253, y: -0.000000007450581, z: 0}
  m_LocalScale: {x: 1, y: 0.9999999, z: 1}
  m_Children:
  - {fileID: 4368852744210615}
  - {fileID: 4584126950494139}
  m_Father: {fileID: 4782903230280933}
  m_RootOrder: 0
  m_LocalEulerAnglesHint: {x: -3.825539, y: 0.02755552, z: 5.724849}
--- !u!1 &1418881844645427
GameObject:
  m_ObjectHideFlags: 0
  m_CorrespondingSourceObject: {fileID: 0}
  m_PrefabInstance: {fileID: 0}
  m_PrefabAsset: {fileID: 0}
  serializedVersion: 6
  m_Component:
  - component: {fileID: 4433408873033968}
  m_Layer: 0
  m_Name: Bone_bq
  m_TagString: Untagged
  m_Icon: {fileID: 0}
  m_NavMeshLayer: 0
  m_StaticEditorFlags: 0
  m_IsActive: 1
--- !u!4 &4433408873033968
Transform:
  m_ObjectHideFlags: 0
  m_CorrespondingSourceObject: {fileID: 0}
  m_PrefabInstance: {fileID: 0}
  m_PrefabAsset: {fileID: 0}
  m_GameObject: {fileID: 1418881844645427}
  m_LocalRotation: {x: -0.0000008682575, y: 0.0000009207075, z: -0.7102015, w: 0.7039984}
  m_LocalPosition: {x: -2.740807, y: 0.194161, z: -0.000001177192}
  m_LocalScale: {x: 0.9999999, y: 1, z: 1}
  m_Children:
  - {fileID: 4485107045526594}
  m_Father: {fileID: 4495349330306264}
  m_RootOrder: 1
  m_LocalEulerAnglesHint: {x: -0.0001449743, y: -0.000003614092, z: 90.50262}
--- !u!1 &1429610440676846
GameObject:
  m_ObjectHideFlags: 0
  m_CorrespondingSourceObject: {fileID: 0}
  m_PrefabInstance: {fileID: 0}
  m_PrefabAsset: {fileID: 0}
  serializedVersion: 6
  m_Component:
  - component: {fileID: 4148724726445537}
  m_Layer: 0
  m_Name: Bip001 R Toe0Nub
  m_TagString: Untagged
  m_Icon: {fileID: 0}
  m_NavMeshLayer: 0
  m_StaticEditorFlags: 0
  m_IsActive: 1
--- !u!4 &4148724726445537
Transform:
  m_ObjectHideFlags: 0
  m_CorrespondingSourceObject: {fileID: 0}
  m_PrefabInstance: {fileID: 0}
  m_PrefabAsset: {fileID: 0}
  m_GameObject: {fileID: 1429610440676846}
  m_LocalRotation: {x: 1.776357e-15, y: 6.520523e-16, z: 1.776357e-15, w: 1}
  m_LocalPosition: {x: -0.2841284, y: 0, z: -0.00000002980232}
  m_LocalScale: {x: 1, y: 1, z: 1}
  m_Children: []
  m_Father: {fileID: 4368852744210615}
  m_RootOrder: 0
  m_LocalEulerAnglesHint: {x: 2.035555e-13, y: -7.471969e-14, z: -2.035555e-13}
--- !u!1 &1463093217559683
GameObject:
  m_ObjectHideFlags: 0
  m_CorrespondingSourceObject: {fileID: 0}
  m_PrefabInstance: {fileID: 0}
  m_PrefabAsset: {fileID: 0}
  serializedVersion: 6
  m_Component:
  - component: {fileID: 4615530879991424}
  m_Layer: 0
  m_Name: RightWeapon 2
  m_TagString: Untagged
  m_Icon: {fileID: 0}
  m_NavMeshLayer: 0
  m_StaticEditorFlags: 0
  m_IsActive: 1
--- !u!4 &4615530879991424
Transform:
  m_ObjectHideFlags: 0
  m_CorrespondingSourceObject: {fileID: 0}
  m_PrefabInstance: {fileID: 0}
  m_PrefabAsset: {fileID: 0}
  m_GameObject: {fileID: 1463093217559683}
  m_LocalRotation: {x: 0.000002816118, y: -4.438939e-13, z: -0.0000001576262, w: 1}
  m_LocalPosition: {x: -1.834821, y: -0.1070808, z: -0.0000002384186}
  m_LocalScale: {x: 1, y: 1, z: 1}
  m_Children: []
  m_Father: {fileID: 4696833881070585}
  m_RootOrder: 0
  m_LocalEulerAnglesHint: {x: 0.0003227034, y: -7.19447e-19, z: 0.00001806263}
--- !u!1 &1471634844980756
GameObject:
  m_ObjectHideFlags: 0
  m_CorrespondingSourceObject: {fileID: 0}
  m_PrefabInstance: {fileID: 0}
  m_PrefabAsset: {fileID: 0}
  serializedVersion: 6
  m_Component:
  - component: {fileID: 4946533919101601}
  m_Layer: 0
  m_Name: Bip001 L Hand
  m_TagString: Untagged
  m_Icon: {fileID: 0}
  m_NavMeshLayer: 0
  m_StaticEditorFlags: 0
  m_IsActive: 1
--- !u!4 &4946533919101601
Transform:
  m_ObjectHideFlags: 0
  m_CorrespondingSourceObject: {fileID: 0}
  m_PrefabInstance: {fileID: 0}
  m_PrefabAsset: {fileID: 0}
  m_GameObject: {fileID: 1471634844980756}
  m_LocalRotation: {x: -0.7762591, y: -0.0949126, z: -0.1682528, w: 0.600087}
  m_LocalPosition: {x: -0.4061381, y: 0.000000007450581, z: 0.0000001192093}
  m_LocalScale: {x: 1, y: 1, z: 0.9999999}
  m_Children:
  - {fileID: 4225619913662862}
  - {fileID: 4906651292829435}
  - {fileID: 4692575565853645}
  - {fileID: 4212187917975168}
  m_Father: {fileID: 4476629972730388}
  m_RootOrder: 0
  m_LocalEulerAnglesHint: {x: -103.9311, y: 22.03218, z: 3.375463}
--- !u!1 &1487788605680059
GameObject:
  m_ObjectHideFlags: 0
  m_CorrespondingSourceObject: {fileID: 0}
  m_PrefabInstance: {fileID: 0}
  m_PrefabAsset: {fileID: 0}
  serializedVersion: 6
  m_Component:
  - component: {fileID: 4066936195303486}
  m_Layer: 0
  m_Name: Bip001 L Foot
  m_TagString: Untagged
  m_Icon: {fileID: 0}
  m_NavMeshLayer: 0
  m_StaticEditorFlags: 0
  m_IsActive: 1
--- !u!4 &4066936195303486
Transform:
  m_ObjectHideFlags: 0
  m_CorrespondingSourceObject: {fileID: 0}
  m_PrefabInstance: {fileID: 0}
  m_PrefabAsset: {fileID: 0}
  m_GameObject: {fileID: 1487788605680059}
  m_LocalRotation: {x: 0.03334829, y: -0.001426883, z: -0.04991869, w: 0.9981954}
  m_LocalPosition: {x: -0.4591253, y: 0.000000007450581, z: 0.00000002980232}
  m_LocalScale: {x: 1, y: 1, z: 1}
  m_Children:
  - {fileID: 4674177445772600}
  - {fileID: 4525242269280752}
  m_Father: {fileID: 4690640333372778}
  m_RootOrder: 0
  m_LocalEulerAnglesHint: {x: 3.82554, y: -0.02754719, z: 5.724912}
--- !u!1 &1490679831208070
GameObject:
  m_ObjectHideFlags: 0
  m_CorrespondingSourceObject: {fileID: 0}
  m_PrefabInstance: {fileID: 0}
  m_PrefabAsset: {fileID: 0}
  serializedVersion: 6
  m_Component:
  - component: {fileID: 4924896835038363}
  m_Layer: 10
  m_Name: Hp_show
  m_TagString: Untagged
  m_Icon: {fileID: 0}
  m_NavMeshLayer: 0
  m_StaticEditorFlags: 0
  m_IsActive: 1
--- !u!4 &4924896835038363
Transform:
  m_ObjectHideFlags: 0
  m_CorrespondingSourceObject: {fileID: 0}
  m_PrefabInstance: {fileID: 0}
  m_PrefabAsset: {fileID: 0}
  m_GameObject: {fileID: 1490679831208070}
  m_LocalRotation: {x: 0.00000008146034, y: 0, z: 0, w: 1}
  m_LocalPosition: {x: 0, y: 3.2, z: 0}
  m_LocalScale: {x: 1, y: 1, z: 1}
  m_Children: []
  m_Father: {fileID: 4495349330306264}
  m_RootOrder: 11
  m_LocalEulerAnglesHint: {x: 0.000009334668, y: 0, z: 0}
--- !u!1 &1496553873781950
GameObject:
  m_ObjectHideFlags: 0
  m_CorrespondingSourceObject: {fileID: 0}
  m_PrefabInstance: {fileID: 0}
  m_PrefabAsset: {fileID: 0}
  serializedVersion: 6
  m_Component:
  - component: {fileID: 4525242269280752}
  m_Layer: 0
  m_Name: LeftFoot
  m_TagString: Untagged
  m_Icon: {fileID: 0}
  m_NavMeshLayer: 0
  m_StaticEditorFlags: 0
  m_IsActive: 1
--- !u!4 &4525242269280752
Transform:
  m_ObjectHideFlags: 0
  m_CorrespondingSourceObject: {fileID: 0}
  m_PrefabInstance: {fileID: 0}
  m_PrefabAsset: {fileID: 0}
  m_GameObject: {fileID: 1496553873781950}
  m_LocalRotation: {x: 0, y: 0, z: 0, w: 1}
  m_LocalPosition: {x: -0.07790005, y: 0.1305727, z: 0.001423925}
  m_LocalScale: {x: 1, y: 1, z: 0.9999999}
  m_Children: []
  m_Father: {fileID: 4066936195303486}
  m_RootOrder: 1
  m_LocalEulerAnglesHint: {x: 0, y: 0, z: 0}
--- !u!1 &1513596643514028
GameObject:
  m_ObjectHideFlags: 0
  m_CorrespondingSourceObject: {fileID: 0}
  m_PrefabInstance: {fileID: 0}
  m_PrefabAsset: {fileID: 0}
  serializedVersion: 6
  m_Component:
  - component: {fileID: 4692575565853645}
  m_Layer: 0
  m_Name: Bip001 L Finger2
  m_TagString: Untagged
  m_Icon: {fileID: 0}
  m_NavMeshLayer: 0
  m_StaticEditorFlags: 0
  m_IsActive: 1
--- !u!4 &4692575565853645
Transform:
  m_ObjectHideFlags: 0
  m_CorrespondingSourceObject: {fileID: 0}
  m_PrefabInstance: {fileID: 0}
  m_PrefabAsset: {fileID: 0}
  m_GameObject: {fileID: 1513596643514028}
  m_LocalRotation: {x: -0.1022957, y: 0.03275014, z: -0.2883564, w: 0.9514797}
  m_LocalPosition: {x: -0.2284986, y: 0.03146404, z: 0.1297431}
  m_LocalScale: {x: 0.9999999, y: 1, z: 0.9999999}
  m_Children:
  - {fileID: 4388993452789886}
  m_Father: {fileID: 4946533919101601}
  m_RootOrder: 2
  m_LocalEulerAnglesHint: {x: -12.33066, y: -0.1906198, z: 33.74061}
--- !u!1 &1531020031000710
GameObject:
  m_ObjectHideFlags: 0
  m_CorrespondingSourceObject: {fileID: 0}
  m_PrefabInstance: {fileID: 0}
  m_PrefabAsset: {fileID: 0}
  serializedVersion: 6
  m_Component:
  - component: {fileID: 4105243422270758}
  m_Layer: 0
  m_Name: RightWeapon 1
  m_TagString: Untagged
  m_Icon: {fileID: 0}
  m_NavMeshLayer: 0
  m_StaticEditorFlags: 0
  m_IsActive: 1
--- !u!4 &4105243422270758
Transform:
  m_ObjectHideFlags: 0
  m_CorrespondingSourceObject: {fileID: 0}
  m_PrefabInstance: {fileID: 0}
  m_PrefabAsset: {fileID: 0}
  m_GameObject: {fileID: 1531020031000710}
  m_LocalRotation: {x: 0.000000003725301, y: 0.0000002384186, z: -0.0000001057389,
    w: 1}
  m_LocalPosition: {x: -2.067473, y: 0.0000002384186, z: 0.0000002384186}
  m_LocalScale: {x: 1, y: 1, z: 1}
  m_Children: []
  m_Father: {fileID: 4960803450553379}
  m_RootOrder: 0
  m_LocalEulerAnglesHint: {x: 0.0000004268851, y: -0.00002732076, z: 0.00001211679}
--- !u!1 &1570344208587911
GameObject:
  m_ObjectHideFlags: 0
  m_CorrespondingSourceObject: {fileID: 0}
  m_PrefabInstance: {fileID: 0}
  m_PrefabAsset: {fileID: 0}
  serializedVersion: 6
  m_Component:
  - component: {fileID: 4820405819323766}
  m_Layer: 10
  m_Name: Weak3
  m_TagString: Untagged
  m_Icon: {fileID: 0}
  m_NavMeshLayer: 0
  m_StaticEditorFlags: 0
  m_IsActive: 1
--- !u!4 &4820405819323766
Transform:
  m_ObjectHideFlags: 0
  m_CorrespondingSourceObject: {fileID: 0}
  m_PrefabInstance: {fileID: 0}
  m_PrefabAsset: {fileID: 0}
  m_GameObject: {fileID: 1570344208587911}
  m_LocalRotation: {x: 0, y: 0.3826834, z: 0, w: 0.9238796}
  m_LocalPosition: {x: 0.3, y: 0, z: 0.3}
  m_LocalScale: {x: 1, y: 1, z: 1}
  m_Children: []
  m_Father: {fileID: 4495349330306264}
  m_RootOrder: 15
  m_LocalEulerAnglesHint: {x: 0, y: -45, z: 0}
--- !u!1 &1584323351152456
GameObject:
  m_ObjectHideFlags: 0
  m_CorrespondingSourceObject: {fileID: 0}
  m_PrefabInstance: {fileID: 0}
  m_PrefabAsset: {fileID: 0}
  serializedVersion: 6
  m_Component:
  - component: {fileID: 4354359958086493}
  m_Layer: 0
  m_Name: Bip001 L Finger11
  m_TagString: Untagged
  m_Icon: {fileID: 0}
  m_NavMeshLayer: 0
  m_StaticEditorFlags: 0
  m_IsActive: 1
--- !u!4 &4354359958086493
Transform:
  m_ObjectHideFlags: 0
  m_CorrespondingSourceObject: {fileID: 0}
  m_PrefabInstance: {fileID: 0}
  m_PrefabAsset: {fileID: 0}
  m_GameObject: {fileID: 1584323351152456}
  m_LocalRotation: {x: 0.000000004650037, y: -0.00000001098292, z: -0.2708119, w: 0.9626323}
  m_LocalPosition: {x: -0.09807515, y: -0.00000005960464, z: 0.000000007450581}
  m_LocalScale: {x: 0.9999999, y: 1, z: 1}
  m_Children:
  - {fileID: 4298830456658754}
  m_Father: {fileID: 4906651292829435}
  m_RootOrder: 0
  m_LocalEulerAnglesHint: {x: 0.0000008537735, y: 0.000001067217, z: 31.42517}
--- !u!1 &1611166357238069
GameObject:
  m_ObjectHideFlags: 0
  m_CorrespondingSourceObject: {fileID: 0}
  m_PrefabInstance: {fileID: 0}
  m_PrefabAsset: {fileID: 0}
  serializedVersion: 6
  m_Component:
  - component: {fileID: 4874013482108769}
  m_Layer: 0
  m_Name: Bip001 R UpperArm
  m_TagString: Untagged
  m_Icon: {fileID: 0}
  m_NavMeshLayer: 0
  m_StaticEditorFlags: 0
  m_IsActive: 1
--- !u!4 &4874013482108769
Transform:
  m_ObjectHideFlags: 0
  m_CorrespondingSourceObject: {fileID: 0}
  m_PrefabInstance: {fileID: 0}
  m_PrefabAsset: {fileID: 0}
  m_GameObject: {fileID: 1611166357238069}
  m_LocalRotation: {x: -0.05509417, y: 0.7222838, z: -0.03370216, w: 0.6885745}
  m_LocalPosition: {x: -0.3905261, y: -0.00000002980232, z: -0.0000001192093}
  m_LocalScale: {x: 0.9999999, y: 1, z: 1}
  m_Children:
  - {fileID: 4062585442204547}
  m_Father: {fileID: 4477532656607053}
  m_RootOrder: 0
  m_LocalEulerAnglesHint: {x: -111.6567, y: -82.29816, z: 109.9193}
--- !u!1 &1618181097497435
GameObject:
  m_ObjectHideFlags: 0
  m_CorrespondingSourceObject: {fileID: 0}
  m_PrefabInstance: {fileID: 0}
  m_PrefabAsset: {fileID: 0}
  serializedVersion: 6
  m_Component:
  - component: {fileID: 4085186241652648}
  m_Layer: 0
  m_Name: Bip001 R Finger0
  m_TagString: Untagged
  m_Icon: {fileID: 0}
  m_NavMeshLayer: 0
  m_StaticEditorFlags: 0
  m_IsActive: 1
--- !u!4 &4085186241652648
Transform:
  m_ObjectHideFlags: 0
  m_CorrespondingSourceObject: {fileID: 0}
  m_PrefabInstance: {fileID: 0}
  m_PrefabAsset: {fileID: 0}
  m_GameObject: {fileID: 1618181097497435}
  m_LocalRotation: {x: -0.4513565, y: 0.08922348, z: -0.04541691, w: 0.8867096}
  m_LocalPosition: {x: -0.1873993, y: 0.04896963, z: 0.1226252}
  m_LocalScale: {x: 1, y: 1, z: 1}
  m_Children:
  - {fileID: 4665768798839332}
  m_Father: {fileID: 4787506879967328}
  m_RootOrder: 0
  m_LocalEulerAnglesHint: {x: -54.50466, y: -6.732391, z: 9.334898}
--- !u!1 &1668236110521352
GameObject:
  m_ObjectHideFlags: 0
  m_CorrespondingSourceObject: {fileID: 0}
  m_PrefabInstance: {fileID: 0}
  m_PrefabAsset: {fileID: 0}
  serializedVersion: 6
  m_Component:
  - component: {fileID: 4690640333372778}
  m_Layer: 0
  m_Name: Bip001 L Calf
  m_TagString: Untagged
  m_Icon: {fileID: 0}
  m_NavMeshLayer: 0
  m_StaticEditorFlags: 0
  m_IsActive: 1
--- !u!4 &4690640333372778
Transform:
  m_ObjectHideFlags: 0
  m_CorrespondingSourceObject: {fileID: 0}
  m_PrefabInstance: {fileID: 0}
  m_PrefabAsset: {fileID: 0}
  m_GameObject: {fileID: 1668236110521352}
  m_LocalRotation: {x: -0.00000001033128, y: -0.000000004312581, z: 0.0998333, w: 0.9950042}
  m_LocalPosition: {x: -0.4467447, y: 0.00000001490116, z: 0}
  m_LocalScale: {x: 0.9999999, y: 0.9999999, z: 1}
  m_Children:
  - {fileID: 4066936195303486}
  m_Father: {fileID: 4241896076147254}
  m_RootOrder: 0
  m_LocalEulerAnglesHint: {x: -0.0000012273, y: 0.000000373526, z: -11.45914}
--- !u!1 &1672982507976145
GameObject:
  m_ObjectHideFlags: 0
  m_CorrespondingSourceObject: {fileID: 0}
  m_PrefabInstance: {fileID: 0}
  m_PrefabAsset: {fileID: 0}
  serializedVersion: 6
  m_Component:
  - component: {fileID: 4476629972730388}
  m_Layer: 0
  m_Name: Bip001 L Forearm
  m_TagString: Untagged
  m_Icon: {fileID: 0}
  m_NavMeshLayer: 0
  m_StaticEditorFlags: 0
  m_IsActive: 1
--- !u!4 &4476629972730388
Transform:
  m_ObjectHideFlags: 0
  m_CorrespondingSourceObject: {fileID: 0}
  m_PrefabInstance: {fileID: 0}
  m_PrefabAsset: {fileID: 0}
  m_GameObject: {fileID: 1672982507976145}
  m_LocalRotation: {x: -1.335424e-10, y: -0.000000007507374, z: 0.1063671, w: 0.9943269}
  m_LocalPosition: {x: -0.4185523, y: 0, z: 0}
  m_LocalScale: {x: 1, y: 1, z: 1}
  m_Children:
  - {fileID: 4946533919101601}
  m_Father: {fileID: 4345150933265083}
  m_RootOrder: 0
  m_LocalEulerAnglesHint: {x: -0.0000001067217, y: 0.0000008537736, z: -12.21187}
--- !u!1 &1694099600593699
GameObject:
  m_ObjectHideFlags: 0
  m_CorrespondingSourceObject: {fileID: 0}
  m_PrefabInstance: {fileID: 0}
  m_PrefabAsset: {fileID: 0}
  serializedVersion: 6
  m_Component:
  - component: {fileID: 4298830456658754}
  m_Layer: 0
  m_Name: Bip001 L Finger1Nub
  m_TagString: Untagged
  m_Icon: {fileID: 0}
  m_NavMeshLayer: 0
  m_StaticEditorFlags: 0
  m_IsActive: 1
--- !u!4 &4298830456658754
Transform:
  m_ObjectHideFlags: 0
  m_CorrespondingSourceObject: {fileID: 0}
  m_PrefabInstance: {fileID: 0}
  m_PrefabAsset: {fileID: 0}
  m_GameObject: {fileID: 1694099600593699}
  m_LocalRotation: {x: 0, y: -0.000000009313227, z: 0, w: 1}
  m_LocalPosition: {x: -0.09807491, y: 0.00000005960464, z: 0.000000007450581}
  m_LocalScale: {x: 0.9999999, y: 1, z: 1}
  m_Children: []
  m_Father: {fileID: 4354359958086493}
  m_RootOrder: 0
  m_LocalEulerAnglesHint: {x: 0, y: 0.000001067217, z: 0}
--- !u!1 &1703008111710671
GameObject:
  m_ObjectHideFlags: 0
  m_CorrespondingSourceObject: {fileID: 0}
  m_PrefabInstance: {fileID: 0}
  m_PrefabAsset: {fileID: 0}
  serializedVersion: 6
  m_Component:
  - component: {fileID: 4444606232201043}
  m_Layer: 0
  m_Name: Bip001 R Finger21
  m_TagString: Untagged
  m_Icon: {fileID: 0}
  m_NavMeshLayer: 0
  m_StaticEditorFlags: 0
  m_IsActive: 1
--- !u!4 &4444606232201043
Transform:
  m_ObjectHideFlags: 0
  m_CorrespondingSourceObject: {fileID: 0}
  m_PrefabInstance: {fileID: 0}
  m_PrefabAsset: {fileID: 0}
  m_GameObject: {fileID: 1703008111710671}
  m_LocalRotation: {x: -0.0000000112996, y: -0.000000007959619, z: -0.378152, w: 0.9257435}
  m_LocalPosition: {x: -0.07534683, y: 0, z: 0}
  m_LocalScale: {x: 1, y: 1, z: 1}
  m_Children:
  - {fileID: 4690519048195643}
  m_Father: {fileID: 4579426726129860}
  m_RootOrder: 0
  m_LocalEulerAnglesHint: {x: -0.0000008537737, y: 0.000001334021, z: 44.43853}
--- !u!1 &1716731155509241
GameObject:
  m_ObjectHideFlags: 0
  m_CorrespondingSourceObject: {fileID: 0}
  m_PrefabInstance: {fileID: 0}
  m_PrefabAsset: {fileID: 0}
  serializedVersion: 6
  m_Component:
  - component: {fileID: 4674177445772600}
  m_Layer: 0
  m_Name: Bip001 L Toe0
  m_TagString: Untagged
  m_Icon: {fileID: 0}
  m_NavMeshLayer: 0
  m_StaticEditorFlags: 0
  m_IsActive: 1
--- !u!4 &4674177445772600
Transform:
  m_ObjectHideFlags: 0
  m_CorrespondingSourceObject: {fileID: 0}
  m_PrefabInstance: {fileID: 0}
  m_PrefabAsset: {fileID: 0}
  m_GameObject: {fileID: 1716731155509241}
  m_LocalRotation: {x: -0.00000002599102, y: 0.000000004917598, z: -0.7071068, w: 0.7071068}
  m_LocalPosition: {x: -0.1885187, y: 0.3712646, z: -0.00000005960464}
  m_LocalScale: {x: 1, y: 1, z: 1}
  m_Children:
  - {fileID: 4886367241537685}
  m_Father: {fileID: 4066936195303486}
  m_RootOrder: 0
  m_LocalEulerAnglesHint: {x: -0.000002504478, y: 0.000001707547, z: 90}
--- !u!1 &1744805358702485
GameObject:
  m_ObjectHideFlags: 0
  m_CorrespondingSourceObject: {fileID: 0}
  m_PrefabInstance: {fileID: 0}
  m_PrefabAsset: {fileID: 0}
  serializedVersion: 6
  m_Component:
  - component: {fileID: 4734507851480749}
  m_Layer: 0
  m_Name: Bip001 R Finger11
  m_TagString: Untagged
  m_Icon: {fileID: 0}
  m_NavMeshLayer: 0
  m_StaticEditorFlags: 0
  m_IsActive: 1
--- !u!4 &4734507851480749
Transform:
  m_ObjectHideFlags: 0
  m_CorrespondingSourceObject: {fileID: 0}
  m_PrefabInstance: {fileID: 0}
  m_PrefabAsset: {fileID: 0}
  m_GameObject: {fileID: 1744805358702485}
  m_LocalRotation: {x: -0.000000008181022, y: -0.00000000156838, z: -0.2708118, w: 0.9626323}
  m_LocalPosition: {x: -0.09807491, y: 0, z: -0.00000001490116}
  m_LocalScale: {x: 0.9999999, y: 0.9999999, z: 0.9999999}
  m_Children:
  - {fileID: 4896781799441793}
  m_Father: {fileID: 4053966605578866}
  m_RootOrder: 0
  m_LocalEulerAnglesHint: {x: -0.0000008537736, y: 0.0000004268868, z: 31.42516}
--- !u!1 &1752122924900607
GameObject:
  m_ObjectHideFlags: 0
  m_CorrespondingSourceObject: {fileID: 0}
  m_PrefabInstance: {fileID: 0}
  m_PrefabAsset: {fileID: 0}
  serializedVersion: 6
  m_Component:
  - component: {fileID: 4771734246014104}
  m_Layer: 0
  m_Name: RightWeapon 3
  m_TagString: Untagged
  m_Icon: {fileID: 0}
  m_NavMeshLayer: 0
  m_StaticEditorFlags: 0
  m_IsActive: 1
--- !u!4 &4771734246014104
Transform:
  m_ObjectHideFlags: 0
  m_CorrespondingSourceObject: {fileID: 0}
  m_PrefabInstance: {fileID: 0}
  m_PrefabAsset: {fileID: 0}
  m_GameObject: {fileID: 1752122924900607}
  m_LocalRotation: {x: 0.00000001864688, y: -5.568058e-16, z: -0.00000002986053, w: 1}
  m_LocalPosition: {x: -0.1655183, y: -0.4101957, z: 0}
  m_LocalScale: {x: 1, y: 1, z: 1}
  m_Children: []
  m_Father: {fileID: 4088591223253633}
  m_RootOrder: 0
  m_LocalEulerAnglesHint: {x: 0.000002136775, y: 3.246486e-21, z: 0.000003421765}
--- !u!1 &1769628717048031
GameObject:
  m_ObjectHideFlags: 0
  m_CorrespondingSourceObject: {fileID: 0}
  m_PrefabInstance: {fileID: 0}
  m_PrefabAsset: {fileID: 0}
  serializedVersion: 6
  m_Component:
  - component: {fileID: 4388993452789886}
  m_Layer: 0
  m_Name: Bip001 L Finger21
  m_TagString: Untagged
  m_Icon: {fileID: 0}
  m_NavMeshLayer: 0
  m_StaticEditorFlags: 0
  m_IsActive: 1
--- !u!4 &4388993452789886
Transform:
  m_ObjectHideFlags: 0
  m_CorrespondingSourceObject: {fileID: 0}
  m_PrefabInstance: {fileID: 0}
  m_PrefabAsset: {fileID: 0}
  m_GameObject: {fileID: 1769628717048031}
  m_LocalRotation: {x: 0.000000006369054, y: -0.000000004110702, z: -0.3781521, w: 0.9257435}
  m_LocalPosition: {x: -0.07534707, y: -0.00000005960464, z: 0.00000001490116}
  m_LocalScale: {x: 1, y: 1, z: 1}
  m_Children:
  - {fileID: 4592179223252901}
  m_Father: {fileID: 4692575565853645}
  m_RootOrder: 0
  m_LocalEulerAnglesHint: {x: 0.0000008537736, y: 0.0000001600826, z: 44.43853}
--- !u!1 &1772862623076381
GameObject:
  m_ObjectHideFlags: 0
  m_CorrespondingSourceObject: {fileID: 0}
  m_PrefabInstance: {fileID: 0}
  m_PrefabAsset: {fileID: 0}
  serializedVersion: 6
  m_Component:
  - component: {fileID: 4579426726129860}
  m_Layer: 0
  m_Name: Bip001 R Finger2
  m_TagString: Untagged
  m_Icon: {fileID: 0}
  m_NavMeshLayer: 0
  m_StaticEditorFlags: 0
  m_IsActive: 1
--- !u!4 &4579426726129860
Transform:
  m_ObjectHideFlags: 0
  m_CorrespondingSourceObject: {fileID: 0}
  m_PrefabInstance: {fileID: 0}
  m_PrefabAsset: {fileID: 0}
  m_GameObject: {fileID: 1772862623076381}
  m_LocalRotation: {x: 0.1022957, y: -0.03275013, z: -0.2883564, w: 0.9514797}
  m_LocalPosition: {x: -0.2284987, y: 0.0314641, z: -0.1297431}
  m_LocalScale: {x: 0.9999999, y: 1, z: 1}
  m_Children:
  - {fileID: 4444606232201043}
  m_Father: {fileID: 4787506879967328}
  m_RootOrder: 2
  m_LocalEulerAnglesHint: {x: 12.33066, y: 0.1906189, z: 33.74061}
--- !u!1 &1779881073355320
GameObject:
  m_ObjectHideFlags: 0
  m_CorrespondingSourceObject: {fileID: 0}
  m_PrefabInstance: {fileID: 0}
  m_PrefabAsset: {fileID: 0}
  serializedVersion: 6
  m_Component:
  - component: {fileID: 4225619913662862}
  m_Layer: 0
  m_Name: Bip001 L Finger0
  m_TagString: Untagged
  m_Icon: {fileID: 0}
  m_NavMeshLayer: 0
  m_StaticEditorFlags: 0
  m_IsActive: 1
--- !u!4 &4225619913662862
Transform:
  m_ObjectHideFlags: 0
  m_CorrespondingSourceObject: {fileID: 0}
  m_PrefabInstance: {fileID: 0}
  m_PrefabAsset: {fileID: 0}
  m_GameObject: {fileID: 1779881073355320}
  m_LocalRotation: {x: 0.4513565, y: -0.08922347, z: -0.04541688, w: 0.8867096}
  m_LocalPosition: {x: -0.1873993, y: 0.04896963, z: -0.1226252}
  m_LocalScale: {x: 1, y: 1, z: 1}
  m_Children:
  - {fileID: 4320925176795728}
  m_Father: {fileID: 4946533919101601}
  m_RootOrder: 0
  m_LocalEulerAnglesHint: {x: 54.50466, y: 6.732391, z: 9.334895}
--- !u!1 &1808967861150284
GameObject:
  m_ObjectHideFlags: 0
  m_CorrespondingSourceObject: {fileID: 0}
  m_PrefabInstance: {fileID: 0}
  m_PrefabAsset: {fileID: 0}
  serializedVersion: 6
  m_Component:
  - component: {fileID: 4696833881070585}
  m_Layer: 0
  m_Name: Bone_dd
  m_TagString: Untagged
  m_Icon: {fileID: 0}
  m_NavMeshLayer: 0
  m_StaticEditorFlags: 0
  m_IsActive: 1
--- !u!4 &4696833881070585
Transform:
  m_ObjectHideFlags: 0
  m_CorrespondingSourceObject: {fileID: 0}
  m_PrefabInstance: {fileID: 0}
  m_PrefabAsset: {fileID: 0}
  m_GameObject: {fileID: 1808967861150284}
  m_LocalRotation: {x: -0.000002719039, y: 0.000002521587, z: -0.7042731, w: 0.7099291}
  m_LocalPosition: {x: -1.201046, y: 0.3256408, z: -0.000000372529}
  m_LocalScale: {x: 0.9999999, y: 0.9999999, z: 1}
  m_Children:
  - {fileID: 4615530879991424}
  m_Father: {fileID: 4495349330306264}
  m_RootOrder: 3
  m_LocalEulerAnglesHint: {x: -0.0004247005, y: 0.00001430074, z: 89.54169}
--- !u!1 &1854051745404971
GameObject:
  m_ObjectHideFlags: 0
  m_CorrespondingSourceObject: {fileID: 0}
  m_PrefabInstance: {fileID: 0}
  m_PrefabAsset: {fileID: 0}
  serializedVersion: 6
  m_Component:
  - component: {fileID: 4504638585760830}
  m_Layer: 0
  m_Name: Head
  m_TagString: Untagged
  m_Icon: {fileID: 0}
  m_NavMeshLayer: 0
  m_StaticEditorFlags: 0
  m_IsActive: 1
--- !u!4 &4504638585760830
Transform:
  m_ObjectHideFlags: 0
  m_CorrespondingSourceObject: {fileID: 0}
  m_PrefabInstance: {fileID: 0}
  m_PrefabAsset: {fileID: 0}
  m_GameObject: {fileID: 1854051745404971}
  m_LocalRotation: {x: -0.494766, y: 0.5051798, z: 0.4947651, w: 0.5051807}
  m_LocalPosition: {x: -1.337328, y: 0.09486261, z: -0.0000002384187}
  m_LocalScale: {x: 1, y: 1, z: 1}
  m_Children: []
  m_Father: {fileID: 4176178353119507}
  m_RootOrder: 1
  m_LocalEulerAnglesHint: {x: -88.80655, y: -89.9999, z: 0}
--- !u!1 &1865251173670983
GameObject:
  m_ObjectHideFlags: 0
  m_CorrespondingSourceObject: {fileID: 0}
  m_PrefabInstance: {fileID: 0}
  m_PrefabAsset: {fileID: 0}
  serializedVersion: 6
  m_Component:
  - component: {fileID: 4062585442204547}
  m_Layer: 0
  m_Name: Bip001 R Forearm
  m_TagString: Untagged
  m_Icon: {fileID: 0}
  m_NavMeshLayer: 0
  m_StaticEditorFlags: 0
  m_IsActive: 1
--- !u!4 &4062585442204547
Transform:
  m_ObjectHideFlags: 0
  m_CorrespondingSourceObject: {fileID: 0}
  m_PrefabInstance: {fileID: 0}
  m_PrefabAsset: {fileID: 0}
  m_GameObject: {fileID: 1865251173670983}
  m_LocalRotation: {x: -7.924965e-10, y: 0.000000007408313, z: 0.1063671, w: 0.9943269}
  m_LocalPosition: {x: -0.4185523, y: -0.00000002980232, z: 0}
  m_LocalScale: {x: 1, y: 1, z: 1}
  m_Children:
  - {fileID: 4787506879967328}
  m_Father: {fileID: 4874013482108769}
  m_RootOrder: 0
  m_LocalEulerAnglesHint: {x: 9.121214e-16, y: -0.0000008537736, z: -12.21187}
--- !u!1 &1872957652831149
GameObject:
  m_ObjectHideFlags: 0
  m_CorrespondingSourceObject: {fileID: 0}
  m_PrefabInstance: {fileID: 0}
  m_PrefabAsset: {fileID: 0}
  serializedVersion: 6
  m_Component:
  - component: {fileID: 4485107045526594}
  m_Layer: 0
  m_Name: RightWeapon
  m_TagString: Untagged
  m_Icon: {fileID: 0}
  m_NavMeshLayer: 0
  m_StaticEditorFlags: 0
  m_IsActive: 1
--- !u!4 &4485107045526594
Transform:
  m_ObjectHideFlags: 0
  m_CorrespondingSourceObject: {fileID: 0}
  m_PrefabInstance: {fileID: 0}
  m_PrefabAsset: {fileID: 0}
  m_GameObject: {fileID: 1872957652831149}
  m_LocalRotation: {x: 0.000006738289, y: -1.269221e-12, z: -0.0000001883596, w: 1}
  m_LocalPosition: {x: -0.1672177, y: -1.607884, z: -0.000005334616}
  m_LocalScale: {x: 0.9999999, y: 0.9999999, z: 1}
  m_Children: []
  m_Father: {fileID: 4433408873033968}
  m_RootOrder: 0
  m_LocalEulerAnglesHint: {x: 0.0007721511, y: 2.874718e-18, z: 0.00002158442}
--- !u!1 &1885031022471678
GameObject:
  m_ObjectHideFlags: 0
  m_CorrespondingSourceObject: {fileID: 0}
  m_PrefabInstance: {fileID: 0}
  m_PrefabAsset: {fileID: 0}
  serializedVersion: 6
  m_Component:
  - component: {fileID: 4525708565602590}
  m_Layer: 0
  m_Name: Bone005
  m_TagString: Untagged
  m_Icon: {fileID: 0}
  m_NavMeshLayer: 0
  m_StaticEditorFlags: 0
  m_IsActive: 1
--- !u!4 &4525708565602590
Transform:
  m_ObjectHideFlags: 0
  m_CorrespondingSourceObject: {fileID: 0}
  m_PrefabInstance: {fileID: 0}
  m_PrefabAsset: {fileID: 0}
  m_GameObject: {fileID: 1885031022471678}
  m_LocalRotation: {x: 0.7069344, y: 0.01560574, z: -0.01560669, w: 0.7069347}
  m_LocalPosition: {x: -0.2313817, y: 0.01048616, z: -0.04710662}
  m_LocalScale: {x: 1, y: 0.9999999, z: 1}
  m_Children: []
  m_Father: {fileID: 4477532656607053}
  m_RootOrder: 1
  m_LocalEulerAnglesHint: {x: 89.99998, y: -2.529301, z: 0.00007741166}
--- !u!1 &1889173587770809
GameObject:
  m_ObjectHideFlags: 0
  m_CorrespondingSourceObject: {fileID: 0}
  m_PrefabInstance: {fileID: 0}
  m_PrefabAsset: {fileID: 0}
  serializedVersion: 6
  m_Component:
  - component: {fileID: 4665768798839332}
  m_Layer: 0
  m_Name: Bip001 R Finger01
  m_TagString: Untagged
  m_Icon: {fileID: 0}
  m_NavMeshLayer: 0
  m_StaticEditorFlags: 0
  m_IsActive: 1
--- !u!4 &4665768798839332
Transform:
  m_ObjectHideFlags: 0
  m_CorrespondingSourceObject: {fileID: 0}
  m_PrefabInstance: {fileID: 0}
  m_PrefabAsset: {fileID: 0}
  m_GameObject: {fileID: 1889173587770809}
  m_LocalRotation: {x: 0.00000004801526, y: -0.000000006315124, z: -0.1304002, w: 0.9914615}
  m_LocalPosition: {x: -0.08855915, y: -0.00000005960464, z: 0}
  m_LocalScale: {x: 1, y: 1, z: 1}
  m_Children:
  - {fileID: 4343413629969592}
  m_Father: {fileID: 4085186241652648}
  m_RootOrder: 0
  m_LocalEulerAnglesHint: {x: 0.000005549529, y: 5.344319e-14, z: 14.98544}
--- !u!1 &1918638336702670
GameObject:
  m_ObjectHideFlags: 0
  m_CorrespondingSourceObject: {fileID: 0}
  m_PrefabInstance: {fileID: 0}
  m_PrefabAsset: {fileID: 0}
  serializedVersion: 6
  m_Component:
  - component: {fileID: 4495349330306264}
  - component: {fileID: 95363317288492007}
  m_Layer: 10
  m_Name: model1511
  m_TagString: Untagged
  m_Icon: {fileID: 0}
  m_NavMeshLayer: 0
  m_StaticEditorFlags: 0
  m_IsActive: 1
--- !u!4 &4495349330306264
Transform:
  m_ObjectHideFlags: 0
  m_CorrespondingSourceObject: {fileID: 0}
  m_PrefabInstance: {fileID: 0}
  m_PrefabAsset: {fileID: 0}
  m_GameObject: {fileID: 1918638336702670}
  m_LocalRotation: {x: 0, y: 0, z: 0, w: 1}
  m_LocalPosition: {x: 0, y: 0, z: 0}
  m_LocalScale: {x: 1, y: 1, z: 1}
  m_Children:
  - {fileID: 4022166438101252}
  - {fileID: 4433408873033968}
  - {fileID: 4960803450553379}
  - {fileID: 4696833881070585}
  - {fileID: 4088591223253633}
  - {fileID: 4584912783965372}
  - {fileID: 4116289839552350}
  - {fileID: 4038036483783457}
  - {fileID: 4756170828708352}
  - {fileID: 4956846530931994}
  - {fileID: 4144667308279694}
  - {fileID: 4924896835038363}
  - {fileID: 4789497945814030}
  - {fileID: 4924398053849140}
  - {fileID: 4883693331667388}
  - {fileID: 4820405819323766}
  - {fileID: 95751289934555709}
  m_Father: {fileID: 0}
  m_RootOrder: 0
  m_LocalEulerAnglesHint: {x: 0, y: 0, z: 0}
--- !u!95 &95363317288492007
Animator:
  serializedVersion: 3
  m_ObjectHideFlags: 0
  m_CorrespondingSourceObject: {fileID: 0}
  m_PrefabInstance: {fileID: 0}
  m_PrefabAsset: {fileID: 0}
  m_GameObject: {fileID: 1918638336702670}
  m_Enabled: 1
  m_Avatar: {fileID: 9000000, guid: 2d75cd2248eaa40459f6b2bfa26d639c, type: 2}
  m_Controller: {fileID: 22100000, guid: e94824c83c2ec4344ac955424940afce, type: 2}
  m_CullingMode: 0
  m_UpdateMode: 0
  m_ApplyRootMotion: 0
  m_LinearVelocityBlending: 0
  m_WarningMessage: 
  m_HasTransformHierarchy: 1
  m_AllowConstantClipSamplingOptimization: 1
  m_KeepAnimatorControllerStateOnDisable: 0
--- !u!1 &1922830196308946
GameObject:
  m_ObjectHideFlags: 0
  m_CorrespondingSourceObject: {fileID: 0}
  m_PrefabInstance: {fileID: 0}
  m_PrefabAsset: {fileID: 0}
  serializedVersion: 6
  m_Component:
  - component: {fileID: 4632574342888166}
  m_Layer: 0
  m_Name: Bip001 L Clavicle
  m_TagString: Untagged
  m_Icon: {fileID: 0}
  m_NavMeshLayer: 0
  m_StaticEditorFlags: 0
  m_IsActive: 1
--- !u!4 &4632574342888166
Transform:
  m_ObjectHideFlags: 0
  m_CorrespondingSourceObject: {fileID: 0}
  m_PrefabInstance: {fileID: 0}
  m_PrefabAsset: {fileID: 0}
  m_GameObject: {fileID: 1922830196308946}
  m_LocalRotation: {x: 0.7996874, y: 0.0003192443, z: -0.6004164, w: 0.0002379741}
  m_LocalPosition: {x: 0.2848226, y: 0.03700092, z: 0.3549486}
  m_LocalScale: {x: 1, y: 1, z: 1}
  m_Children:
  - {fileID: 4345150933265083}
  - {fileID: 4748796413894594}
  m_Father: {fileID: 4311053883671464}
  m_RootOrder: 1
  m_LocalEulerAnglesHint: {x: -179.9994, y: -73.79945, z: -0.04617013}
--- !u!1 &1951257652741549
GameObject:
  m_ObjectHideFlags: 0
  m_CorrespondingSourceObject: {fileID: 0}
  m_PrefabInstance: {fileID: 0}
  m_PrefabAsset: {fileID: 0}
  serializedVersion: 6
  m_Component:
  - component: {fileID: 4405882613464584}
  m_Layer: 0
  m_Name: Bip001 Pelvis
  m_TagString: Untagged
  m_Icon: {fileID: 0}
  m_NavMeshLayer: 0
  m_StaticEditorFlags: 0
  m_IsActive: 1
--- !u!4 &4405882613464584
Transform:
  m_ObjectHideFlags: 0
  m_CorrespondingSourceObject: {fileID: 0}
  m_PrefabInstance: {fileID: 0}
  m_PrefabAsset: {fileID: 0}
  m_GameObject: {fileID: 1951257652741549}
  m_LocalRotation: {x: -0.5, y: 0.5, z: 0.4999993, w: 0.5000007}
  m_LocalPosition: {x: 0, y: 0, z: 0}
  m_LocalScale: {x: 1, y: 0.9999999, z: 0.9999999}
  m_Children:
  - {fileID: 4847304346015907}
  m_Father: {fileID: 4022166438101252}
  m_RootOrder: 0
  m_LocalEulerAnglesHint: {x: -89.99992, y: -89.99992, z: 0}
--- !u!1 &1963300606230334
GameObject:
  m_ObjectHideFlags: 0
  m_CorrespondingSourceObject: {fileID: 0}
  m_PrefabInstance: {fileID: 0}
  m_PrefabAsset: {fileID: 0}
  serializedVersion: 6
  m_Component:
  - component: {fileID: 4896781799441793}
  m_Layer: 0
  m_Name: Bip001 R Finger1Nub
  m_TagString: Untagged
  m_Icon: {fileID: 0}
  m_NavMeshLayer: 0
  m_StaticEditorFlags: 0
  m_IsActive: 1
--- !u!4 &4896781799441793
Transform:
  m_ObjectHideFlags: 0
  m_CorrespondingSourceObject: {fileID: 0}
  m_PrefabInstance: {fileID: 0}
  m_PrefabAsset: {fileID: 0}
  m_GameObject: {fileID: 1963300606230334}
  m_LocalRotation: {x: 4.562165e-25, y: 0.000000007450581, z: 1, w: 6.123234e-17}
  m_LocalPosition: {x: -0.09807503, y: -0.00000005960464, z: 0.000000007450581}
  m_LocalScale: {x: -1, y: -1, z: -1}
  m_Children: []
  m_Father: {fileID: 4734507851480749}
  m_RootOrder: 0
  m_LocalEulerAnglesHint: {x: 0.0000008537737, y: 0, z: -180}
--- !u!1 &1963960759319637
GameObject:
  m_ObjectHideFlags: 0
  m_CorrespondingSourceObject: {fileID: 0}
  m_PrefabInstance: {fileID: 0}
  m_PrefabAsset: {fileID: 0}
  serializedVersion: 6
  m_Component:
  - component: {fileID: 4956846530931994}
  m_Layer: 10
  m_Name: Hp
  m_TagString: Untagged
  m_Icon: {fileID: 0}
  m_NavMeshLayer: 0
  m_StaticEditorFlags: 0
  m_IsActive: 1
--- !u!4 &4956846530931994
Transform:
  m_ObjectHideFlags: 0
  m_CorrespondingSourceObject: {fileID: 0}
  m_PrefabInstance: {fileID: 0}
  m_PrefabAsset: {fileID: 0}
  m_GameObject: {fileID: 1963960759319637}
  m_LocalRotation: {x: 0.00000008146034, y: 0, z: 0, w: 1}
  m_LocalPosition: {x: 0, y: 3.4, z: 0}
  m_LocalScale: {x: 1, y: 1, z: 1}
  m_Children: []
  m_Father: {fileID: 4495349330306264}
  m_RootOrder: 9
  m_LocalEulerAnglesHint: {x: 0.000009334668, y: 0, z: 0}
--- !u!1 &1963975293709651
GameObject:
  m_ObjectHideFlags: 0
  m_CorrespondingSourceObject: {fileID: 0}
  m_PrefabInstance: {fileID: 0}
  m_PrefabAsset: {fileID: 0}
  serializedVersion: 6
  m_Component:
  - component: {fileID: 4038036483783457}
  - component: {fileID: 137614621648109284}
  m_Layer: 10
  m_Name: Ms_zb01_0_7
  m_TagString: Untagged
  m_Icon: {fileID: 0}
  m_NavMeshLayer: 0
  m_StaticEditorFlags: 0
  m_IsActive: 1
--- !u!4 &4038036483783457
Transform:
  m_ObjectHideFlags: 0
  m_CorrespondingSourceObject: {fileID: 0}
  m_PrefabInstance: {fileID: 0}
  m_PrefabAsset: {fileID: 0}
  m_GameObject: {fileID: 1963975293709651}
  m_LocalRotation: {x: -0.7071068, y: 0, z: 0, w: 0.7071068}
  m_LocalPosition: {x: 0, y: 0, z: 0}
  m_LocalScale: {x: 1, y: 1, z: 1}
  m_Children: []
  m_Father: {fileID: 4495349330306264}
  m_RootOrder: 7
  m_LocalEulerAnglesHint: {x: -90, y: 0, z: 0}
--- !u!137 &137614621648109284
SkinnedMeshRenderer:
  m_ObjectHideFlags: 0
  m_CorrespondingSourceObject: {fileID: 0}
  m_PrefabInstance: {fileID: 0}
  m_PrefabAsset: {fileID: 0}
  m_GameObject: {fileID: 1963975293709651}
  m_Enabled: 1
  m_CastShadows: 1
  m_ReceiveShadows: 1
  m_DynamicOccludee: 1
  m_MotionVectors: 1
  m_LightProbeUsage: 1
  m_ReflectionProbeUsage: 1
  m_RayTracingMode: 3
  m_RayTraceProcedural: 0
  m_RenderingLayerMask: 1
  m_RendererPriority: 0
  m_Materials:
  - {fileID: 2100000, guid: 766925fb6bdba254f8c641e0d670f4a9, type: 2}
  m_StaticBatchInfo:
    firstSubMesh: 0
    subMeshCount: 0
  m_StaticBatchRoot: {fileID: 0}
  m_ProbeAnchor: {fileID: 0}
  m_LightProbeVolumeOverride: {fileID: 0}
  m_ScaleInLightmap: 1
  m_ReceiveGI: 1
  m_PreserveUVs: 0
  m_IgnoreNormalsForChartDetection: 0
  m_ImportantGI: 0
  m_StitchLightmapSeams: 0
  m_SelectedEditorRenderState: 3
  m_MinimumChartSize: 4
  m_AutoUVMaxDistance: 0.5
  m_AutoUVMaxAngle: 89
  m_LightmapParameters: {fileID: 0}
  m_SortingLayerID: 0
  m_SortingLayer: 0
  m_SortingOrder: 0
  serializedVersion: 2
  m_Quality: 0
  m_UpdateWhenOffscreen: 0
  m_SkinnedMotionVectors: 1
  m_Mesh: {fileID: 4300000, guid: 6b8a9536840e080468d25aa25612c51f, type: 2}
  m_Bones:
  - {fileID: 4176178353119507}
  - {fileID: 4477532656607053}
  - {fileID: 4241896076147254}
  - {fileID: 4847304346015907}
  - {fileID: 4405882613464584}
  - {fileID: 4765793614047287}
  - {fileID: 4874013482108769}
  - {fileID: 4062585442204547}
  - {fileID: 4782903230280933}
  - {fileID: 4632574342888166}
  - {fileID: 4690640333372778}
  - {fileID: 4345150933265083}
  - {fileID: 4476629972730388}
  - {fileID: 4311053883671464}
  - {fileID: 4748796413894594}
  - {fileID: 4525708565602590}
  - {fileID: 4066936195303486}
  - {fileID: 4375584266899814}
  - {fileID: 4674177445772600}
  - {fileID: 4734507851480749}
  - {fileID: 4053966605578866}
  - {fileID: 4787506879967328}
  - {fileID: 4665768798839332}
  - {fileID: 4085186241652648}
  - {fileID: 4444606232201043}
  - {fileID: 4579426726129860}
  - {fileID: 4354359958086493}
  - {fileID: 4906651292829435}
  - {fileID: 4946533919101601}
  - {fileID: 4320925176795728}
  - {fileID: 4225619913662862}
  - {fileID: 4388993452789886}
  - {fileID: 4692575565853645}
  - {fileID: 4368852744210615}
  - {fileID: 4696833881070585}
  - {fileID: 4960803450553379}
  - {fileID: 4088591223253633}
  - {fileID: 4433408873033968}
  m_BlendShapeWeights: []
  m_RootBone: {fileID: 4405882613464584}
  m_AABB:
    m_Center: {x: -0.7993507, y: 0.05442801, z: 1.620824}
    m_Extent: {x: 1.899154, y: 0.6521626, z: 2.70796}
  m_DirtyAABB: 0
--- !u!1 &1967160768055315
GameObject:
  m_ObjectHideFlags: 0
  m_CorrespondingSourceObject: {fileID: 0}
  m_PrefabInstance: {fileID: 0}
  m_PrefabAsset: {fileID: 0}
  serializedVersion: 6
  m_Component:
  - component: {fileID: 4886367241537685}
  m_Layer: 0
  m_Name: Bip001 L Toe0Nub
  m_TagString: Untagged
  m_Icon: {fileID: 0}
  m_NavMeshLayer: 0
  m_StaticEditorFlags: 0
  m_IsActive: 1
--- !u!4 &4886367241537685
Transform:
  m_ObjectHideFlags: 0
  m_CorrespondingSourceObject: {fileID: 0}
  m_PrefabInstance: {fileID: 0}
  m_PrefabAsset: {fileID: 0}
  m_GameObject: {fileID: 1967160768055315}
  m_LocalRotation: {x: -0.00000001490116, y: 1.776357e-15, z: 1, w: 6.123237e-17}
  m_LocalPosition: {x: -0.2841284, y: 0, z: 0}
  m_LocalScale: {x: -1, y: -1, z: -1}
  m_Children: []
  m_Father: {fileID: 4674177445772600}
  m_RootOrder: 0
  m_LocalEulerAnglesHint: {x: 2.035555e-13, y: -0.000001707547, z: -180}
--- !u!1 &1985795658521946
GameObject:
  m_ObjectHideFlags: 0
  m_CorrespondingSourceObject: {fileID: 0}
  m_PrefabInstance: {fileID: 0}
  m_PrefabAsset: {fileID: 0}
  serializedVersion: 6
  m_Component:
  - component: {fileID: 4053966605578866}
  m_Layer: 0
  m_Name: Bip001 R Finger1
  m_TagString: Untagged
  m_Icon: {fileID: 0}
  m_NavMeshLayer: 0
  m_StaticEditorFlags: 0
  m_IsActive: 1
--- !u!4 &4053966605578866
Transform:
  m_ObjectHideFlags: 0
  m_CorrespondingSourceObject: {fileID: 0}
  m_PrefabInstance: {fileID: 0}
  m_PrefabAsset: {fileID: 0}
  m_GameObject: {fileID: 1985795658521946}
  m_LocalRotation: {x: 0.07090513, y: -0.04020816, z: -0.2625539, w: 0.9614683}
  m_LocalPosition: {x: -0.2474022, y: -0.01808572, z: 0.01295307}
  m_LocalScale: {x: 1, y: 0.9999999, z: 1}
  m_Children:
  - {fileID: 4734507851480749}
  m_Father: {fileID: 4787506879967328}
  m_RootOrder: 1
  m_LocalEulerAnglesHint: {x: 9.066826, y: 2.297311, z: 30.7296}
--- !u!1 &1989817912252299
GameObject:
  m_ObjectHideFlags: 0
  m_CorrespondingSourceObject: {fileID: 0}
  m_PrefabInstance: {fileID: 0}
  m_PrefabAsset: {fileID: 0}
  serializedVersion: 6
  m_Component:
  - component: {fileID: 4756170828708352}
  m_Layer: 10
  m_Name: Fly_Head
  m_TagString: Untagged
  m_Icon: {fileID: 0}
  m_NavMeshLayer: 0
  m_StaticEditorFlags: 0
  m_IsActive: 1
--- !u!4 &4756170828708352
Transform:
  m_ObjectHideFlags: 0
  m_CorrespondingSourceObject: {fileID: 0}
  m_PrefabInstance: {fileID: 0}
  m_PrefabAsset: {fileID: 0}
  m_GameObject: {fileID: 1989817912252299}
  m_LocalRotation: {x: 0.00000008146034, y: 0, z: 0, w: 1}
  m_LocalPosition: {x: 0, y: 3.27, z: 0}
  m_LocalScale: {x: 1, y: 1, z: 1}
  m_Children: []
  m_Father: {fileID: 4495349330306264}
  m_RootOrder: 8
  m_LocalEulerAnglesHint: {x: 0.000009334668, y: 0, z: 0}
--- !u!1 &5069048319906727357
GameObject:
  m_ObjectHideFlags: 0
  m_CorrespondingSourceObject: {fileID: 0}
  m_PrefabInstance: {fileID: 0}
  m_PrefabAsset: {fileID: 0}
  serializedVersion: 6
  m_Component:
  - component: {fileID: 95751289934555709}
  - component: {fileID: 8505223924884109897}
  m_Layer: 10
  m_Name: shadow
  m_TagString: Untagged
  m_Icon: {fileID: 0}
  m_NavMeshLayer: 0
  m_StaticEditorFlags: 0
  m_IsActive: 1
--- !u!4 &95751289934555709
Transform:
  m_ObjectHideFlags: 0
  m_CorrespondingSourceObject: {fileID: 0}
  m_PrefabInstance: {fileID: 0}
  m_PrefabAsset: {fileID: 0}
  m_GameObject: {fileID: 5069048319906727357}
  m_LocalRotation: {x: -0.7071068, y: 0, z: 0, w: 0.7071068}
  m_LocalPosition: {x: 0, y: 0, z: 0}
  m_LocalScale: {x: 1, y: 1, z: 1}
  m_Children: []
  m_Father: {fileID: 4495349330306264}
  m_RootOrder: 16
  m_LocalEulerAnglesHint: {x: -90, y: 0, z: 0}
--- !u!137 &8505223924884109897
SkinnedMeshRenderer:
  m_ObjectHideFlags: 0
  m_CorrespondingSourceObject: {fileID: 0}
  m_PrefabInstance: {fileID: 0}
  m_PrefabAsset: {fileID: 0}
  m_GameObject: {fileID: 5069048319906727357}
  m_Enabled: 1
  m_CastShadows: 1
  m_ReceiveShadows: 1
  m_DynamicOccludee: 1
  m_MotionVectors: 1
  m_LightProbeUsage: 1
  m_ReflectionProbeUsage: 1
  m_RayTracingMode: 3
  m_RayTraceProcedural: 0
  m_RenderingLayerMask: 1
  m_RendererPriority: 0
  m_Materials:
  - {fileID: 2100000, guid: 5f2e586f9fbdd8e42b66f22851a083d0, type: 2}
  m_StaticBatchInfo:
    firstSubMesh: 0
    subMeshCount: 0
  m_StaticBatchRoot: {fileID: 0}
  m_ProbeAnchor: {fileID: 0}
  m_LightProbeVolumeOverride: {fileID: 0}
  m_ScaleInLightmap: 1
  m_ReceiveGI: 1
  m_PreserveUVs: 0
  m_IgnoreNormalsForChartDetection: 0
  m_ImportantGI: 0
  m_StitchLightmapSeams: 0
  m_SelectedEditorRenderState: 3
  m_MinimumChartSize: 4
  m_AutoUVMaxDistance: 0.5
  m_AutoUVMaxAngle: 89
  m_LightmapParameters: {fileID: 0}
  m_SortingLayerID: 0
  m_SortingLayer: 0
  m_SortingOrder: 0
  serializedVersion: 2
  m_Quality: 0
  m_UpdateWhenOffscreen: 0
  m_SkinnedMotionVectors: 1
  m_Mesh: {fileID: 4300000, guid: 6b8a9536840e080468d25aa25612c51f, type: 2}
  m_Bones:
  - {fileID: 4176178353119507}
  - {fileID: 4477532656607053}
  - {fileID: 4241896076147254}
  - {fileID: 4847304346015907}
  - {fileID: 4405882613464584}
  - {fileID: 4765793614047287}
  - {fileID: 4874013482108769}
  - {fileID: 4062585442204547}
  - {fileID: 4782903230280933}
  - {fileID: 4632574342888166}
  - {fileID: 4690640333372778}
  - {fileID: 4345150933265083}
  - {fileID: 4476629972730388}
  - {fileID: 4311053883671464}
  - {fileID: 4748796413894594}
  - {fileID: 4525708565602590}
  - {fileID: 4066936195303486}
  - {fileID: 4375584266899814}
  - {fileID: 4674177445772600}
  - {fileID: 4734507851480749}
  - {fileID: 4053966605578866}
  - {fileID: 4787506879967328}
  - {fileID: 4665768798839332}
  - {fileID: 4085186241652648}
  - {fileID: 4444606232201043}
  - {fileID: 4579426726129860}
  - {fileID: 4354359958086493}
  - {fileID: 4906651292829435}
  - {fileID: 4946533919101601}
  - {fileID: 4320925176795728}
  - {fileID: 4225619913662862}
  - {fileID: 4388993452789886}
  - {fileID: 4692575565853645}
  - {fileID: 4368852744210615}
  - {fileID: 4696833881070585}
  - {fileID: 4960803450553379}
  - {fileID: 4088591223253633}
  - {fileID: 4433408873033968}
  m_BlendShapeWeights: []
  m_RootBone: {fileID: 4405882613464584}
  m_AABB:
    m_Center: {x: -0.7993507, y: 0.05442801, z: 1.620824}
    m_Extent: {x: 1.899154, y: 0.6521626, z: 2.70796}
  m_DirtyAABB: 0
